 Dungeon Crawl Stone Soup version 0.32-a0-938-g40ac7a0 (webtiles) character file.

Game seed: 14902418290070169143

13227796 EngineV8 the Petrodigitator (level 27, 199/199 HPs)
             Began as a Gargoyle Earth Elementalist on Apr 18, 2024.
             Was the Champion of Sif Muna.
             Escaped with the Orb
             ... and 15 runes
             ... and 1 gem!
             The game lasted 07:26:45 (122442 turns).

EngineV8 the Petrodigitator (GrEE)                Turns: 122442, Time: 07:26:46

Health: 199/199    AC: 67    Str: 21    XL:     27
Magic:  18/63      EV:  8    Int: 41    God:    Sif Muna [******]
Gold:   11687      SH: 20    Dex: 13    Spells: 10/80 levels left

rFire   + + +        e - +3 Elemental Staff {ele, rElec rF+ rC+ AC+3}
rCold   + + +        r - +5 kite shield {rF+}
rNeg    + + +        f - +9 shadow dragon scales
rPois   ∞            x - +1 helmet of the Demon Prince {rC++ Int+3}
rElec   +            t - scarf of Dogma {harm, Int+5}
rCorr   +            B - +2 pair of gloves "Posmirom" {+Blink}
SInv    +            O - +1 pair of boots "Penivoe" {Dex+2 Stlth+}
Will    ++++.        v - amulet of the Tormentor {RegenMP+ rCorr MP+9 Str+2}
Stlth   +++          y - ring "Saguepn" {rF+ rN+ rCorr SInv}
HPRegen 0.53/turn    Z - ring "Beuptape" {rElec rN+ Will++ Int+7 Dex+2}
MPRegen 0.78/turn

%: harm (+30% outgoing, +20% incoming)
@: flying, studying 7 skills
A: sickness immunity, AC +20, big wings, negative energy resistance 1,
electricity resistance, torment resistance 1, petrification resistance, talons
1, camouflage 1, fire resistance 1, strong 1
0: Orb of Zot
}: 15/15 runes: serpentine, barnacled, slimy, silver, golden, iron, obsidian,
icy, bone, abyssal, demonic, glowing, magical, fiery, dark
a: Renounce Religion, Evoke Blink, Channel Magic, Forget Spell, Divine Exegesis


You escaped.
You worshipped Sif Muna.
Sif Muna was exalted by your worship.
You visited 18 branches of the dungeon, and saw 86 of its levels.
You visited Pandemonium 2 times, and saw 15 of its levels.
You visited the Abyss 2 times.
You visited 1 bazaar.
You also visited: Trove, Ossuary, Gauntlet, Ice Cave and Desolation.

You collected 20027 gold pieces.
You spent 8340 gold pieces at shops.

Inventory:

Hand Weapons
 e - the +3 Elemental Staff (weapon) {ele, rElec rF+ rC+ AC+3}
   (You took it off a tengu conjurer on level 1 of the Depths)

   AC+3:      It affects your AC (+3).
   rF+:       It protects you from fire.
   rC+:       It protects you from cold.
   rElec:     It insulates you from electricity.
Missiles
 K - 17 curare-tipped darts (quivered) {!f}
 L - 6 throwing nets {!f}
Armour
 b - the +1 robe of the First Snow {rPois Regen+ Int+6}
   (You bought it in a shop in Pandemonium)

   Int+6:     It affects your intelligence (+6).
   rPois:     It protects you from poison.
   Regen+:    It increases your rate of health regeneration.
 f - +9 shadow dragon scales (worn)
 r - a +5 kite shield of fire resistance (worn)
 t - the scarf of Dogma (worn) {harm, Int+5}
   (You found it in the Desolation of Salt)

   Int+5:     It affects your intelligence (+5).
 x - the +1 helmet of the Demon Prince (worn) {rC++ Int+3}
   (You found it in a treasure trove)

   Int+3:     It affects your intelligence (+3).
   rC++:      It greatly protects you from cold.
 A - quicksilver dragon scales
 B - the +2 pair of gloves "Posmirom" (worn) {+Blink}
   (You found it in the Desolation of Salt)

   +Blink:    It lets you blink.
 O - the +1 pair of boots "Penivoe" (worn) {Dex+2 Stlth+}
   (You found it in a Gauntlet)

   Dex+2:     It affects your dexterity (+2).
   Stlth+:    It makes you more stealthy.
Jewellery
 v - the amulet of the Tormentor (around neck) {RegenMP+ rCorr MP+9 Str+2}
   (You found it in a Gauntlet)

   [amulet of magic regeneration]

   It increases your rate of magic regeneration.
   Str+2:     It affects your strength (+2).
   MP+9:      It affects your magic capacity (+9).
   rCorr:     It protects you from acid and corrosion.
   RegenMP+:  It increases your rate of magic regeneration.
 y - the ring "Saguepn" (left hand) {rF+ rN+ rCorr SInv}
   (You found it on level 3 of the Snake Pit)

   [ring of see invisible]

   rF+:       It protects you from fire.
   rN+:       It protects you from negative energy.
   SInv:      It lets you see invisible.
   rCorr:     It protects you from acid and corrosion.
 H - the ring "Ifugaok" {rC+ Will+ MP+9 Int+4}
   (You found it in the Desolation of Salt)

   [ring of protection from cold]

   Int+4:     It affects your intelligence (+4).
   rC+:       It protects you from cold.
   Will+:     It increases your willpower.
   MP+9:      It affects your magic capacity (+9).
 Z - the ring "Beuptape" (right hand) {rElec rN+ Will++ Int+7 Dex+2}
   (You took it off a necromancer in an ice cave)

   [ring of positive energy]

   Int+7:     It affects your intelligence (+7).
   Dex+2:     It affects your dexterity (+2).
   rElec:     It insulates you from electricity.
   rN+:       It protects you from negative energy.
   Will++:    It greatly increases your willpower.
Wands
 d - a wand of acid (30)
 G - a wand of charming (118)
 N - a wand of digging (22)
 R - a wand of flame (141)
 S - a wand of mindburst (45)
 V - a wand of polymorph (54)
 X - a wand of warping (90)
Scrolls
 h - 7 scrolls of summoning
 n - 20 scrolls of teleportation
 o - 6 scrolls of blinking
 q - 12 scrolls of poison
 s - 12 scrolls of fog
 u - 10 scrolls of fear
 w - 4 scrolls of torment
 C - 19 scrolls of immolation
 J - 12 scrolls of vulnerability
 W - 4 scrolls of revelation {!r}
Potions
 c - 3 potions of invisibility
 g - 7 potions of cancellation {!q}
 i - 12 potions of lignification
 j - 13 potions of might
 k - 47 potions of curing
 l - 35 potions of heal wounds
 m - 14 potions of haste
 p - 17 potions of enlightenment
 D - 9 potions of brilliance
 E - 10 potions of ambrosia {!q}
 I - 14 potions of resistance
 M - 6 potions of magic
 T - 10 potions of mutation
 U - 17 potions of attraction
Miscellaneous
 a - a phantom mirror
 z - a phial of floods
 F - a figurine of a ziggurat
 P - a condenser vane
 Q - a lightning rod (4/4)
 Y - the horn of Geryon


   Skills:
 O Level 27 Fighting
 - Level 6.0 Throwing
 O Level 27 Armour
 - Level 1.5 Dodging
 - Level 15.0 Stealth
 - Level 20.0 Shields
 O Level 27 Spellcasting
 O Level 27 Conjurations
 - Level 12.0 Translocations
 O Level 27 Fire Magic
 - Level 5.0 Ice Magic
 O Level 27 Earth Magic
 - Level 15.0 Invocations
 + Level 19.3 Evocations


You had 10 spell levels left.
You knew the following spells:

 Your Spells              Type           Power      Damage    Failure   Level
a - Permafrost Eruption   Ice/Erth       80%        2x4d17    1%          6
b - Borgnjor's Vile Clut  Necr/Erth      64%        N/A       1%          5
c - Bombard               Conj/Erth      80%        9d13      0%          6
e - Lehudib's Crystal Sp  Conj/Erth      80%        10d18     1%          8
f - Gell's Gavotte        Tloc           50%        2d(34-50) 1%          6
g - Irradiate             Conj/Alch      52%        3d29      1%          5
r - Fireball              Conj/Fire      80%        3d30      0%          5
v - Blink                 Tloc           100%       N/A       0%          2
w - Lee's Rapid Deconstr  Erth           80%        3d36*     0%          5
A - Apportation           Tloc           100%       N/A       0%          1
Q - Shatter               Erth           80%        3d58*     1%          9
W - Fire Storm            Conj/Fire      80%        8d20      1%          9
X - Passwall              Erth           100%       N/A       0%          3

Your spell library contained the following spells:

 Spells                   Type           Power      Damage    Failure   Level
 Foxfire                  Conj/Fire      100%       2x1d9     0%          1
 Kiss of Death            Conj/Necr      100%       2d13      0%          1
 Magic Dart               Conj           100%       1d8       0%          1
 Sandblast                Erth           100%       2d20      0%          1
 Shock                    Conj/Air       100%       1d9       0%          1
 Sting                    Conj/Alch      100%       1d9       0%          1
 Lesser Beckoning         Tloc           100%       N/A       0%          2
 Momentum Strike          Conj/Tloc      100%       3d10      0%          2
 Scorch                   Fire           100%       2d9       0%          2
 Searing Ray              Conj           100%       2d8       0%          2
 Static Discharge         Conj/Air       100%       3-8/arc   0%          2
 Dazzling Flash           Conj/Hex       100%       N/A       0%          3
 Hailstorm                Conj/Ice       100%       3d16      0%          3
 Inner Flame              Hex/Fire       100%       N/A       0%          3
 Stone Arrow              Conj/Erth      100%       3d13      0%          3
 Volatile Blastmotes      Fire/Tloc      100%       2d18      0%          3
 Brom's Barrelling Bould  Conj/Erth      100%       2d11      0%          4
 Flame Wave               Conj/Fire      100%       2d21      0%          4
 Iskenderun's Mystic Bla  Conj/Tloc      100%       2d19      (+2d10%     4
 Iskenderun's Battlesphe  Conj           100%       2d15      0%          5
 Starburst                Conj/Fire      80%        6d20      0%          6
 Orb of Destruction       Conj           67%        9d16      0%          7
 Freeze                   Ice            100%       1d10      1%          1
 Necrotise                Necr           100%       1d9       1%          1
 Slow                     Hex            100%       N/A       1%          1
 Summon Small Mammal      Summ           100%       N/A       1%          1
 Call Imp                 Summ           100%       N/A       1%          2
 Ensorcelled Hibernation  Hex/Ice        100%       N/A       1%          2
 Jinxbite                 Hex            100%       N/A       1%          2
 Mercury Vapours          Alch/Air       100%       N/A       1%          2
 Frozen Ramparts          Ice            100%       1d16      1%          3
 Maxwell's Portable Pile  Tloc           100%       2d(15-43) 1%          3
 Mephitic Cloud           Conj/Alch/Air  100%       N/A       1%          3
 Ozocubu's Armour         Ice            97%        N/A       1%          3
 Summon Ice Beast         Ice/Summ       85%        N/A       1%          3
 Teleport Other           Tloc           100%       N/A       1%          3
 Animate Armour           Summ/Erth      100%       N/A       1%          4
 Dimensional Bullseye     Hex/Tloc       40%        N/A       1%          4
 Fulminant Prism          Conj/Alch      52%        3d22      1%          4
 Ignite Poison            Fire/Alch      100%       N/A       1%          4
 Leda's Liquefaction      Alch/Erth      64%        N/A       1%          4
 Passage of Golubria      Tloc           100%       N/A       1%          4
 Petrify                  Alch/Erth      100%       N/A       1%          4
 Sticky Flame             Fire/Alch      100%       2d15      1%          4
 Summon Blazeheart Golem  Fire/Summ      100%       N/A       1%          4
 Vhi's Electric Charge    Tloc/Air       100%       N/A       1%          4
 Arcjolt                  Conj/Air       64%        1d74      1%          5
 Freezing Cloud           Conj/Ice/Air   72%        6-21      1%          5
 Conjure Ball Lightning   Conj/Air       64%        3x3d23    1%          6
 Dispersal                Tloc           50%        N/A       1%          6
 Plasma Beam              Fire/Air       77%        2x1d94    1%          6
 Ignition                 Fire           80%        3d21      1%          8
 Call Canine Familiar     Summ           53%        N/A       2%          3
 Confusing Touch          Hex            53%        N/A       2%          3
 Fugue of the Fallen      Necr           53%        N/A       2%          3
 Sigil of Binding         Hex            53%        N/A       2%          3
 Swiftness                Air            70%        N/A       2%          3
 Tukima's Dance           Hex            53%        N/A       2%          3
 Vampiric Draining        Necr           53%        2d9       2%          3
 Summon Forest            Summ/Tloc      40%        N/A       2%          5
 Spellforged Servitor     Conj/Summ      52%        N/A       3%          7
 Manifold Assault         Tloc           50%        N/A       6%          7
 Airstrike                Air            35%        2d(5-21)  10%         4
 Anguish                  Hex/Necr       26%        N/A       10%         4
 Animate Dead             Necr           53%        N/A       10%         4
 Cause Fear               Hex            26%        N/A       10%         4
 Dispel Undead            Necr           53%        3d19      10%         4
 Martyr's Knell           Necr/Summ      53%        N/A       10%         4
 Olgreb's Toxic Radiance  Alch           53%        N/A       10%         4
 Summon Lightning Spire   Summ/Air       70%        N/A       10%         4
 Metabolic Englaciation   Hex/Ice        42%        N/A       10%         5
 Alistair's Intoxication  Alch           35%        N/A       26%         5
 Curse of Agony           Necr           53%        N/A       26%         5
 Silence                  Hex/Air        35%        N/A       26%         5
 Summon Mana Viper        Hex/Summ       53%        N/A       26%         5
 Yara's Violent Unravell  Hex/Alch       26%        3d11      26%         5
 Disjunction              Tloc           50%        N/A       41%         8
 Sculpt Simulacrum        Ice/Alch       42%        N/A       45%         6
 Malign Gateway           Summ/Tloc      40%        N/A       56%         7
 Ozocubu's Refrigeration  Ice            48%        4d18      71%         7
 Death Channel            Necr           26%        N/A       82%         6
 Eringya's Noxious Bog    Alch           26%        4d6       82%         6
 Summon Cactus Giant      Summ           26%        N/A       82%         6
 Chain Lightning          Conj/Air       64%        3d86      98%         9
 Enfeeble                 Hex            26%        N/A       100%        7
 Haunt                    Necr/Summ      26%        N/A       100%        7
 Monstrous Menagerie      Summ           26%        N/A       100%        7
 Summon Hydra             Summ           26%        N/A       100%        7
 Borgnjor's Revivificati  Necr           26%        N/A       100%        8
 Discord                  Hex            26%        N/A       100%        8
 Infestation              Necr           26%        N/A       100%        8
 Maxwell's Capacitive Co  Air            35%        ∞         100%        8
 Summon Horrible Things   Summ           26%        N/A       100%        8
 Death's Door             Necr           26%        N/A       100%        9
 Dragon's Call            Summ           26%        N/A       100%        9
 Polar Vortex             Ice            48%        12d6*     100%        9
 Cigotuvi's Dreadful Rot  Necr/Alch/Air  Unusable   N/A       N/A         2
 Sublimation of Blood     Necr           Unusable   N/A       N/A         2

Dungeon Overview and Level Annotations

Branches:
Dungeon (15/15)            Temple (1/1) D:4            Lair (5/5) D:9
 Shoals (4/4) Lair:2        Snake (4/4) Lair:2        Slime (5/5) Lair:5
    Orc (2/2) D:11            Elf (3/3) Orc:2        Vaults (5/5) D:13
  Crypt (3/3) Vaults:2       Tomb (3/3) Crypt:3      Depths (4/4) D:15
   Hell (visited)             Dis (7/7) Hell            Geh (7/7) Hell
    Coc (7/7) Hell            Tar (7/7) Hell            Zot (5/5) Depths:4
Ossuary (visited)           IceCv (visited)         Desolation (visited)
Gauntlet (visited)

Altars:
Ashenzari
Cheibriados
Dithmenos
Elyvilon
Fedhas
Gozag
Hepliaklqana
Kikubaaqudgha
Makhleb
Nemelex Xobeh
Okawaru
Qazlal
Ru
Sif Muna
Trog
Uskayaw
Vehumet
Wu Jian
Xom
Yredelemnul
Zin
The Shining One
Beogh
Jiyva
Lugonu

Shops:
D:7 *   D:13 [   D:14 *   Orc:2 ?:?*   Elf:1 ==:?   Elf:2 (   Elf:3 !*!
Shoals:1 *   Shoals:2 =(   Shoals:3 (   Snake:3 [*   Vaults:1 !   Depths:4 =

Portals:
Hell: Lair:5 Depths:1 Depths:2 Depths:3 Depths:4
Abyss: Shoals:4 Depths:2 Depths:3
Pandemonium: Depths:1 Depths:2
Ziggurat: Depths:2

Annotations:
Shoals:3 2 transporters


Innate Abilities, Weirdness & Mutations

You are immune to sickness and miasma.
Your stone body is resilient. (AC +20)
You are immune to poison.
Your large and strong wings let you fly.
You resist negative energy. (rN+)
You are resistant to electric shocks. (rElec)
You are resistant to unholy torment.
You are immune to petrification.
You have sharp toenails.
Your skin changes colour to match your surroundings (Stealth+).
Your flesh is heat resistant. (rF+)
Your muscles are strong. (Str +4, Int/Dex -1)


Message History

A cherub comes into view.
It is wielding a +0 scimitar of flaming.
Unknown command.
Unknown command.
Casting: Permafrost Eruption (mildly dangerous; 1% risk of failure)
Confirm with . or Enter, or press ? or * to list all spells.
You feel a strong surge of power!
Bitter cold erupts, blasting rock from the ceiling!
The mass of rock hits the seraph.
The seraph is lightly wounded.
Piercing cold boils outward!
The piercing cold hits the seraph!!!!
The seraph is frozen!
The seraph is severely wounded.
The piercing cold hits the cherub!!!
The cherub is moderately wounded.
The piercing cold hits the cherub!!!
The cherub is heavily wounded.
The cherub unwields a +2 falchion of flaming.
It stops flaming.
The cherub wields a +0 sling.
The cherub shoots a sling bullet.
You block the sling bullet.
A demonspawn corrupter comes into view.
It is wielding a +2 dire flail of distortion.
You now have 30/63 mp.
Unknown command.
Casting: Permafrost Eruption (mildly dangerous; 1% risk of failure)
Confirm with . or Enter, or press ? or * to list all spells.
You feel a strong surge of power!
Bitter cold erupts, blasting rock from the ceiling!
The mass of rock hits the cherub!!
The cherub is heavily wounded.
Piercing cold boils outward!
The piercing cold hits the cherub!!
The cherub is almost dead.
The piercing cold hits the demonspawn corrupter!!!
The demonspawn corrupter is moderately wounded.
The piercing cold hits the seraph!!!
The seraph is frozen!
You kill the seraph!
Sif Muna accepts your kill.
The cherub dissolves into sparkling lights! x4
The piercing cold hits the shadow demon.
The shadow demon resists.
The shadow demon is lightly wounded.
You now have 25/63 mp.
Unknown command.
Unknown command.
Unknown command.
Casting: Permafrost Eruption (mildly dangerous; 1% risk of failure)
Confirm with . or Enter, or press ? or * to list all spells.
You feel a surge of power!
The dungeon rumbles!
You kill the demonspawn corrupter!
Sif Muna accepts your kill.
You kill the shadow demon!
Sif Muna accepts your kill.
Ka-crash!
You now have 17/63 mp.
A cherub is nearby!
Unknown command.
Casting: Shatter (dangerous; 1% risk of failure)
Confirm with . or Enter, or press ? or * to list all spells.
Aiming: Lee's Rapid Deconstruction (safe; 0% risk of failure)
Press: ? - help, Dir - move target A rock wall.
This square is lit by a halo.
You feel a surge of power!
The wall shatters!
The blast of rock fragments hits the cherub!
The cherub is lightly wounded.
The cherub unwields a +0 scimitar of flaming.
It stops flaming.
The cherub wields a +0 sling.
The cherub shoots a sling bullet.
The sling bullet hits you but does no damage.
You now have 13/63 mp.
Casting: Lee's Rapid Deconstruction (safe; 0% risk of failure)
Confirm with . or Enter, or press ? or * to list all spells.
Aiming: Lee's Rapid Deconstruction (safe; 0% risk of failure)
Press: ? - help, Dir - move target A rock wall.
This square is lit by a halo.
You feel a surge of power!
The wall shatters!
The blast of rock fragments hits the cherub!
The cherub is moderately wounded.
You now have 9/63 mp.
The cherub shoots a sling bullet.
The sling bullet hits you but does no damage.
Unknown command.
Casting: Lee's Rapid Deconstruction (safe; 0% risk of failure)
Confirm with . or Enter, or press ? or * to list all spells.
Okay, then.
Casting: Lee's Rapid Deconstruction (safe; 0% risk of failure)
Confirm with . or Enter, or press ? or * to list all spells.
You feel a strong surge of power!
Bitter cold erupts, blasting rock from the ceiling!
The mass of rock hits the cherub!!
The cherub is severely wounded.
Piercing cold boils outward!
The piercing cold hits the cherub!!!
You kill the cherub!
Sif Muna accepts your kill.
You now have 5/63 mp.
You see here a rat skeleton.
There is a staircase leading out of the dungeon here.
You regained 11 mp, and now have 17/63 mp.
Unknown command.
You have escaped!

#.## ...# #.##
############# ..#
#.....#.#...# #.#
#.#.###...#.# ..#
#.#..÷..#.#.# ..#
#.#.#.###.#.# ..#
#...#.#(#...#
..####.#.#.#†#.#@#
.......#.#.#.#.###
.##..###.#.#.#...#
.##.##...#...#.###
....##.#.###.#.#.#
..#.##.#.#...#.#.#
#...##.#.#.###...#
#..###.#(#...#.#.#
.)...#.#####.#.#.#


There were no monsters in sight!

Vanquished Creatures
  Cerebov (Pan)
  Antaeus (Coc:7)
  Asmodeus (Geh:7)
  the Royal Jelly (Slime:5)
  Ignacio (Pan)
  Gloorx Vloq (Pan)
  Mnoleg (Pan)
  Ereshkigal (Tar:7)
  the Serpent of Hell (Geh:7)
  Lom Lobon (Pan)
  Dissolution (Slime:4)
  A seraph (D:1)
  3 orbs of fire (Zot:5)
  Dispater (Dis:7)
  8 dread liches
  Mennas (Pan)
  Khufu (Crypt:2)
  5 ancient liches
  Mara (Snake:4)
  4 juggernauts
  Xtahua (Vaults:2)
  26 royal mummies
  Vashnia (Snake:4)
  Sojobo (Vaults:3)
  11 pandemonium lords
  21 shard shrikes
  Bai Suzhen (Shoals:4)
  9 Killer Klowns
  2 curse toes (Zot:1)
  17 caustic shrikes
  Geryon (Hell)
  17 golden dragons
  Nikola (Shoals:1)
  The ghost of Esecs the Devastator, a veteran GrEE of Lugonu (Crypt:2)
  17 profane servitors
  Norris (Elf:1)
  25 Tzitzimimeh
  20 Brimstone Fiends
  9 doom hounds
  14 iron giants
  3 electric golems
  Zenata (Vaults:2)
  20 bone dragons
  26 Ice Fiends
  17 hellephants
  27 Hell Sentinels
  11 liches
  21 tentacled monstrosities
  3 deep elf blademasters
  A walking crystal tome (Depths:1)
  14 sphinxes
  28 Orb Guardians
  23 titans
  15 quicksilver dragons
  29 tainted leviathans
  A walking earthen tome (Depths:3)
  15 searing wretches
  Asterion (Elf:1)
  34 Executioners
  2 deep elf master archers (Elf:3)
  27 ancient champions
  5 tentacled starspawn
  25 acid blobs
  The ghost of Qonwierph the Severer, an adept MDFi of Beogh (Elf:2)
  A kraken (Shoals:3)
  9 shadow dragons
  6 death cobs
  The ghost of Kaos the Brawler, an adept DrBe of Trog (Shoals:3)
  16 storm dragons
  10 tengu reavers
  Roxanne (Shoals:1)
  Aizul (Snake:3)
  6 revenants
  A fenstrider witch (Pan)
  Donald (Vaults:3)
  20 demonspawn warmongers
  6 azure jellies
  13 frost giants
  17 narguns
  6 nagarajas
  2 iron dragons (Vaults:5)
  4 draconian knights
  8 protean progenitors
  28 fire giants
  3 ghost moths
  7 quicksilver elementals
  8 rockslimes
  An imperial myrmidon (Desolation)
  13 vault wardens
  6 deep elf sorcerers
  6 draconian monks
  2 deep elf elementalists (Elf:3)
  7 draconian shifters
  A juggernaut zombie (Tomb:2)
  6 draconian scorchers
  Louise (Shoals:2)
  6 draconian stormcallers
  The ghost of 10x100 the Carver, a journeyman MiBe of Trog (Orc:2)
  62 balrugs
  3 ghouls
  An angel (Pan)
  6 curse skulls
  10 shard shrike simulacra
  20 cacodemons
  31 reapers
  16 demonspawn blood saints (Pan)
  30 very ugly things
  16 ironbound preservers
  2 spriggan defenders
  12 quicksilver oozes
  15 stone giants
  3 orc warlords
  13 demonspawn black suns (Pan)
  13 demonspawn corrupters
  9 green draconians
  12 draconian annihilators
  9 formless jellyfish
  7 juggernaut skeletons
  A caustic shrike skeleton (Tomb:3)
  5 ironbound thunderhulks
  7 vampire knights
  5 deep elf annihilators
  4 deep elf demonologists
  12 lorocyprocas
  9 black draconians
  A bunyip (Abyss:3)
  32 elemental wellsprings
  22 dire elephants
  29 putrid mouths
  30 purple draconians
  10 bennus
  28 wendigos
  23 war gargoyles
  11 deep elf death magi
  Azrael (Snake:1)
  2 minotaurs
  A halazid warlock (Desolation)
  13 yellow draconians
  22 green deaths
  10 spark wasps
  7 red draconians
  9 white draconians
  5 eidola
  16 blizzard demons
  13 iron golems
  18 ettins
  2 spectral quicksilver dragons (Tar:2)
  17 yaktaur captains
  Snorg (D:11)
  21 mummy priests
  2 entropy weavers (shapeshifter)
  8 merfolk impalers
  4 spectral krakens
  8 ragged hierophants (Desolation)
  A quicksilver dragon zombie (Tomb:2)
  5 merfolk javelineers
  5 deep elf high priests
  9 fire dragons
  16 jiangshi
  3 crystal guardians
  36 vault guards
  8 hell beasts
  A fenstrider witch zombie (Crypt:2)
  Harold (D:10)
  A spectral spriggan (Tar:2)
  6 peacekeepers
  A spriggan skeleton (Crypt:2)
  5 juggernaut simulacra
  11 caustic shrike simulacra
  Erolcha (D:9)
  9 servants of whispers (Desolation)
  10 ice dragons
  2 quicksilver dragon skeletons
  3 ghost crabs (Shoals:1)
  8 rakshasas
  12 great orbs of eyes
  4 hydras
  3 ogre magi
  17 salamander tyrants
  5 jorogumos (Pan)
  2 alligator snapping turtles
  Erica (D:8)
  7 anacondas
  8 spriggan air magi
  7 centaur warriors
  4 merfolk aquamancers
  A two-headed ogre (shapeshifter) (Depths:1)
  18 dancing weapons
  7 stokers
  4 death knights
  3 satyrs
  2 boulder beetles
  6 two-headed ogres
  A death yak (Lair:5)
  7 ironbound frosthearts
  11 tengu warriors
  53 death scarabs
  7 orc high priests
  8 deep troll shamans
  36 demonic crawlers
  12 hell knights
  2 titan zombies
  15 naga warriors
  2 spectral dire elephants
  Urug (Lair:1)
  66 soul eaters
  14 deep troll earth magi
  6 shock serpents
  2 spriggan berserkers
  An occultist (Lair:5)
  3 thrashing horrors
  53 hell hogs
  24 naga sharpshooters
  8 vampire magi
  3 spriggans
  2 wretched stars
  Sonja (D:10)
  20 deep elf knights
  A spectral death yak (Gauntlet)
  8 iron trolls
  9 crystal echidnas
  5 hellephant skeletons (Pan)
  35 skeletal warriors
  106 sun demons
  34 sixfirhies
  A cherub (D:1)
  5 skysharks
  A bunyip zombie (Hell)
  7 salamander mystics
  8 quicksilver dragon simulacra
  4 spectral anacondas
  15 deep elf archers
  A mana viper (shapeshifter) (Depths:3)
  An orb spider (shapeshifter) (Depths:4)
  8 shadow wraiths
  A spectral bunyip (Tar:2)
  An obsidian statue (Zot:5)
  27 shadow demons
  A death drake (Abyss:1)
  2 bunyip skeletons
  2 anaconda zombies
  14 sea snakes
  12 flayed ghosts
  2 spatial maelstroms (Abyss:4)
  51 deep trolls
  7 arcanists
  A fenstrider witch simulacrum (Coc:1)
  8 naga ritualists
  A tengu zombie (Depths:1)
  6 glowing orange brains
  3 bog bodies
  15 mana vipers
  A spectral hydra (Gauntlet)
  A lindwurm (shapeshifter) (Vaults:5)
  8 sun moths (Pan)
  A spectral iron dragon (Tar:5)
  14 phantasmal warriors
  Pikel (D:8)
  20 harpies
  46 deep elf pyromancers
  8 lindwurms
  4 starcursed masses
  39 deep elf zephyrmancers
  30 ironbound convokers
  20 orc knights
  2 thermic dynamos (Elf:3)
  42 ugly things
  13 manticores
  2 obsidian bats
  5 orc sorcerers
  8 necromancers
  20 salamanders
  A fire giant zombie (Depths:1)
  A wolf spider (Vaults:5)
  A draconian zombie (Tomb:3)
  Maurice (D:10)
  A spectral alligator snapping turtle (Shoals:1)
  4 worldbinders
  2 fauns (shapeshifter)
  A shadow dragon skeleton (Crypt:1)
  4 guardian serpents
  A will-o-the-wisp (Abyss:4)
  An alligator skeleton (Crypt:2)
  5 elephants
  25 moths of wrath
  The ghost of ddoljuk the Ruffian, a novice TrMo (D:4)
  9 cyclopes
  2 frost giant zombies
  6 shining eyes
  10 water nymphs
  10 fauns
  A dire elephant zombie (Hell)
  23 vault sentinels
  A shock serpent zombie (Crypt:2)
  5 rust devils
  18 molten gargoyles
  8 eyes of devastation
  13 naga magi
  3 ice statues
  9 merfolk sirens
  Joseph (D:9)
  A naga zombie (Tomb:2)
  A frost giant skeleton (Depths:1)
  5 apocalypse crabs
  An eye of devastation (shapeshifter) (Vaults:5)
  4 titan simulacra
  A storm dragon simulacrum (Coc:1)
  65 smoke demons
  A centaur zombie (Hell)
  36 black mambas
  A torpor snail (Gauntlet)
  A shock serpent skeleton (Crypt:2)
  13 spectral swamp worms (Tar:7)
  Jeremiah (D:6)
  20 orange demons
  A bunyip simulacrum (Coc:2)
  5 gargoyles
  60 large abominations
  Maggie (D:7)
  2 dire elephant skeletons
  8 komodo dragons
  17 efreet
  A green draconian zombie (Crypt:2)
  7 rime drakes
  4 kobold demonologists
  31 yaktaurs
  8 cane toads
  3 spriggan zombies
  12 freezing wraiths
  4 tengu conjurers
  A pale draconian zombie (Crypt:3)
  4 golden dragon simulacra
  30 hellions
  40 tormentors
  18 ice devils
  9 ancient zymes
  41 guardian mummies
  A red draconian skeleton (Crypt:1)
  5 harpy zombies
  2 silent spectres
  A spectral harpy (Tar:5)
  6 red devils
  A hydra zombie (Tomb:1)
  22 hellwings (Pan)
  9 anaconda simulacra
  4 iron giant simulacra
  5 polar bears
  An iron troll skeleton (Crypt:1)
  A wolf spider simulacrum (D:14)
  6 trolls
  28 merfolk
  2 tyrant leeches (Zot:5)
  5 wind drakes
  49 saltlings
  15 hornets
  A guardian serpent zombie (Crypt:3)
  A snapping turtle (shapeshifter) (Vaults:5)
  An alligator simulacrum (Coc:1)
  23 blink frogs
  8 glass eyes
  11 raiju
  3 iron dragon simulacra
  A frost giant simulacrum (Depths:1)
  2 harpy skeletons (Crypt:3)
  6 dream sheep
  A spectral manticore (Shoals:1)
  A radroach zombie (Crypt:1)
  14 snapping turtles
  A spectral black mamba (Tar:1)
  Sigmund (D:2)
  A hydra skeleton (Tomb:1)
  An ettin skeleton (Crypt:2)
  132 slime creatures
  An ettin zombie (Tomb:3)
  A fire giant simulacrum (Depths:1)
  9 water elementals
  40 ynoxinuls
  2 stone giant simulacra
  3 air elementals
  A black mamba zombie (Tomb:1)
  12 wraiths
  4 centaur simulacra
  2 vampires
  10 dire elephant simulacra
  2 small abominations
  Grum (D:9)
  20 shadows
  25 ushabtiu
  A fire bat (Abyss:4)
  A redback (Vaults:5)
  28 yaks
  7 basilisks
  4 wyverns
  9 fire elementals
  3 wargs
  An alligator snapping turtle simulacrum (Coc:1)
  A black mamba skeleton (Hell)
  27 chaos spawn
  29 neqoxecs
  5 golden eyes (Slime:1)
  7 death yak simulacra
  3 steam dragons
  24 harpy simulacra
  12 vampire mosquitoes
  A redback simulacrum (D:14)
  46 nagas
  4 hydra simulacra
  A merfolk zombie (Crypt:2)
  A spectral snapping turtle (Shoals:1)
  A faun zombie (Crypt:1)
  A fire bat zombie (Crypt:1)
  15 water moccasins
  An acid dragon (D:13)
  7 hell hounds
  A swamp drake (shapeshifter) (D:10)
  38 orc warriors
  2 sky beasts
  3 manticore zombies
  2 ice beasts (D:14)
  6 black bears
  10 ettin simulacra
  2 black mamba simulacra (Hell)
  A boggart (Vaults:4)
  10 ogres
  17 wolves
  42 laughing skulls
  2 snapping turtle skeletons
  9 centaurs
  An elephant skeleton (Crypt:3)
  A swamp dragon skeleton (Tomb:1)
  A lemure (D:8)
  6 weeping skulls
  Blork the orc (D:6)
  A fire crab zombie (Crypt:3)
  A vine stalker zombie (Crypt:1)
  2 brain worms (Abyss:3)
  4 kobold brigands
  8 bullfrogs
  A bullfrog (shapeshifter) (Abyss:4)
  A scorpion (D:9)
  A glowing shapeshifter simulacrum (Depths:1)
  2 cane toad simulacra
  A wyvern zombie (Crypt:2)
  A demonspawn simulacrum (Coc:1)
  A gnoll sergeant (D:12)
  A scorpion (shapeshifter) (Elf:3)
  A two-headed ogre simulacrum (D:13)
  3 earth elementals
  10 wights
  A water moccasin skeleton (Crypt:3)
  12 killer bees
  3 elephant simulacra
  3 electric eels
  2 howler monkeys (D:13)
  A bombardier beetle (D:5)
  A crimson imp (Abyss:3)
  5 jellies
  2 quasits
  5 spectral scorpions (Ossuary)
  36 orc priests
  2 hounds (D:5)
  A sleepcap (D:6)
  3 centaur skeletons
  An iron imp (Abyss:1)
  Ijyb (D:4)
  An iguana (shapeshifter) (D:14)
  20 orc wizards
  Natasha (thrice) (D:3)
  2 iguanas
  6 hell rats (Hell)
  13 spriggan simulacra
  7 polar bear simulacra (IceCv)
  3 troll simulacra
  4 wolf simulacra (IceCv)
  A crocodile zombie (Ossuary)
  A sky beast zombie (Crypt:1)
  A boggart simulacrum (D:14)
  A crocodile skeleton (Crypt:2)
  A hound skeleton (Crypt:2)
  73 mummies
  11 gnolls
  6 adders
  9 naga simulacra
  2 shadow imps
  4 white imps
  3 ufetubi
  5 ribbon worms
  90 orcs
  A bat zombie (Shoals:3)
  4 endoplasms
  3 giant cockroaches
  9 goblins
  13 hobgoblins
  16 kobolds
  6 quokkas
  12 ball pythons
  2 bats (D:3)
  11 frilled lizards
  2 gnoll skeletons (Ossuary)
  3 kobold skeletons (Ossuary)
  2 orc skeletons (Ossuary)
  An orc zombie (Crypt:2)
  9 rats
  A river rat skeleton (Crypt:1)
  10 spectral rats (Ossuary)
  12 aspiring fleshes
  7 ball lightnings (Pan)
  5 creeping infernos
  18 fire vortices
  A starspawn tentacle (Abyss:4)
  13 tentacles
4877 creatures vanquished.

Vanquished Creatures (collateral kills)
  A profane servitor (Tar:7)
  A pandemonium lord (Pan)
  A Brimstone Fiend (Pan)
  A tentacled monstrosity (Zot:5)
  2 Orb Guardians (Zot:5)
  A draconian knight (Zot:5)
  A reaper (Pan)
  A black draconian (Zot:5)
  A deep elf demonologist (Elf:3)
  A yellow draconian (Zot:5)
  An ironbound frostheart (Vaults:1)
  A death scarab (Gauntlet)
  A dancing weapon (Elf:3)
  A spectral death yak (Gauntlet)
  A deep troll (Vaults:1)
  A spectral dream sheep (Gauntlet)
  A harpy simulacrum (Coc:7)
  2 ettin simulacra (Coc:7)
  23 boulders
43 creatures vanquished.

Vanquished Creatures (others)
  An eldritch tentacle (Pan)
  A fenstrider witch (Pan)
  A vault warden (Vaults:1)
  An ironbound preserver (Vaults:1)
  A juggernaut simulacrum (Coc:5)
  A deep elf knight (Elf:2)
  A sea snake (Shoals:1)
  A harpy (Shoals:4)
  2 smoke demons (Pan)
  A merfolk (Shoals:1)
  A wind drake (Shoals:4)
  2 hellwings (Pan)
  A dream sheep (Shoals:1)
  An ettin simulacrum (Coc:5)
  2 ball lightnings (Pan)
  24 boulders
  A creeping inferno (Geh:7)
  150 fire vortices
  A starspawn tentacle (Abyss:4)
  33 tentacles
227 creatures vanquished.

Grand Total: 5147 creatures vanquished

Notes
Turn   | Place    | Note
-------+----------+-------------------------------------------
     0 | D:1      | EngineV8 the Gargoyle Earth Elementalist began the quest
                  | for the Orb.
     0 | D:1      | Reached XP level 1. HP: 10/10 MP: 3/3
    47 | D:1      | Reached skill level 1 in Fighting
   113 | D:1      | Reached XP level 2. HP: 16/16 MP: 1/5
   496 | D:1      | You fall into a shaft and drop 1 floor!
   839 | D:2      | Reached XP level 3. HP: 20/20 MP: 2/6
  1109 | D:2      | Noticed Sigmund
  1455 | D:2      | Reached XP level 4. HP: 25/25 MP: 6/8
  1571 | D:2      | Found a faded altar of an unknown god.
  1681 | D:2      | Reached skill level 5 in Stealth
  1681 | D:2      | Reached XP level 5. HP: 34/34 MP: 8/13
  1686 | D:2      | Learned a level 3 spell: Stone Arrow
  1691 | D:2      | Learned a level 4 spell: Brom's Barrelling Boulder
  1745 | D:2      | Killed Sigmund
  1746 | D:2      | Reached XP level 6. HP: 40/40 MP: 4/15
  2162 | D:3      | Reached skill level 5 in Fighting
  2226 | D:3      | Learned a level 3 spell: Passwall
  2261 | D:3      | Noticed Natasha
  2263 | D:3      | Killed Natasha
  2481 | D:3      | Found a glowing golden altar of the Shining One.
  2482 | D:3      | Found a broken altar of Ashenzari.
  2483 | D:3      | Found a burning altar of Makhleb.
  2557 | D:3      | Noticed Natasha
  2563 | D:3      | Killed Natasha
  2697 | D:3      | Noticed Natasha
  2708 | D:3      | Killed Natasha
  2825 | D:4      | Reached XP level 7. HP: 44/44 MP: 16/16
  2872 | D:4      | Identified the +4 rapier of the Battered Bones {pain,
                  | Str+3}
  2891 | D:4      | Found a staircase to the Ecumenical Temple.
  2918 | Temple   | Entered the Ecumenical Temple
  2937 | Temple   | Became a worshipper of Sif Muna the Loreminder
  3098 | D:4      | Found a runed translucent gate.
  3099 | D:4      | Found a runed translucent gate.
  3112 | D:4      | Found a runed translucent gate.
  3167 | D:4      | Noticed ddoljuk's ghost (novice TrMo)
  3255 | D:4      | Noticed Ijyb
  3269 | D:4      | Killed Ijyb
  3679 | D:5      | Entered Level 5 of the Dungeon
  3929 | D:5      | Reached * piety under Sif Muna
  3930 | D:5      | Reached XP level 8. HP: 49/49 MP: 17/17
  4283 | D:6      | Found a sand-covered staircase.
  4288 | Ossuary  | Entered an ossuary
  4701 | Ossuary  | Reached ** piety under Sif Muna
  4956 | D:6      | Found a basalt altar of Yredelemnul.
  4957 | D:6      | Found an ornate altar of the Wu Jian Council.
  4991 | D:6      | Noticed Jeremiah
  5035 | D:6      | Killed Jeremiah
  5070 | D:6      | Reached XP level 9. HP: 54/54 MP: 18/19
  5260 | D:6      | Found a glowing silver altar of Zin.
  5423 | D:6      | Noticed Blork the orc
  5426 | D:6      | Killed Blork the orc
  5432 | D:6      | Found a hazy altar of Hepliaklqana.
  5848 | D:7      | Reached skill level 10 in Earth Magic
  6232 | D:7      | Reached *** piety under Sif Muna
  6233 | D:7      | Reached skill level 1 in Evocations
  6279 | D:7      | Noticed Maggie
  6405 | D:7      | Found Asolif's Assorted Antiques.
  6414 | D:7      | Bought a scroll labelled VAEFAOTEAF for 24 gold pieces
  6414 | D:7      | Bought a scroll labelled ZIUNUNTU PUWEDD for 24 gold pieces
  6414 | D:7      | Bought a scroll labelled CINUED MORERGH for 24 gold pieces
  6414 | D:7      | Bought a purple potion for 21 gold pieces
  6856 | D:7      | Killed Maggie
  6993 | D:8      | Reached XP level 10. HP: 59/59 MP: 22/22
  7105 | D:8      | Noticed Erica
  7226 | D:8      | Reached skill level 5 in Evocations
  7456 | D:8      | Noticed Pikel
  7478 | D:8      | Killed Pikel
  7767 | D:8      | Found a snail-covered altar of Cheibriados.
  8018 | D:8      | Found a sacrificial altar of Ru.
  8129 | D:8      | Killed Erica
  8232 | D:9      | Reached XP level 11. HP: 63/63 MP: 23/23
  8247 | D:9      | Reached **** piety under Sif Muna
  8278 | D:9      | Noticed Grum
  8299 | D:9      | Killed Grum
  8624 | D:9      | Noticed Joseph
  8634 | D:9      | Killed Joseph
  8852 | D:9      | Found a staircase to the Lair.
  9032 | D:9      | Found a shadowy altar of Dithmenos.
  9078 | D:9      | Noticed Erolcha
  9094 | D:9      | Killed Erolcha
  9095 | D:9      | Reached skill level 10 in Conjurations
  9156 | D:10     | Entered Level 10 of the Dungeon
  9175 | D:10     | Noticed Maurice
  9214 | D:10     | Something stole a +3 trident of draining
  9215 | D:10     | Something stole a +6 ring of strength
  9220 | D:10     | Killed Maurice
  9297 | D:10     | Learned a level 5 spell: Lee's Rapid Deconstruction
  9394 | D:10     | Reached skill level 10 in Spellcasting
  9460 | D:10     | Noticed Sonja
  9485 | D:10     | Killed Sonja
  9927 | D:10     | Noticed Harold
 10122 | D:10     | Killed Harold
 10123 | D:10     | Reached XP level 12. HP: 68/68 MP: 26/26
 10280 | D:11     | Found a staircase to the Orcish Mines.
 10382 | D:10     | Reached ***** piety under Sif Muna
 10441 | D:11     | Noticed a two-headed ogre
 11000 | D:11     | Found an ancient bone altar of Kikubaaqudgha.
 11035 | D:11     | Noticed Snorg
 11078 | D:11     | Killed Snorg
 11079 | D:11     | Killed a two-headed ogre
 11224 | D:11     | Learned a level 6 spell: Bombard
 11239 | D:12     | Received a gift from Sif Muna
 11507 | D:12     | Found a shimmering blue altar of Sif Muna.
 11772 | D:12     | Reached skill level 15 in Earth Magic
 11772 | D:12     | Reached skill level 1 in Invocations
 11781 | D:12     | Got Hetafuu's Book of Congelation
 12192 | D:12     | Learned a level 4 spell: Petrify
 12239 | D:13     | Got Apupuag's Vellum of Destructive Oxidation
 12395 | D:13     | Noticed a centaur warrior
 12406 | D:13     | Killed a centaur warrior
 12407 | D:13     | Reached skill level 5 in Invocations
 12407 | D:13     | Reached XP level 13. HP: 34/72 MP: 27/27
 12476 | D:13     | Found a frozen archway.
 12539 | IceCv    | Entered an ice cave
 13036 | IceCv    | Received a gift from Sif Muna
 13039 | IceCv    | Got Sif Muna's Cyclopedia of Liberalism {god gift}
 13822 | IceCv    | Identified the +2 pair of gloves "Pugasch" {rC- Str+7 Int+3
                  | Slay-2}
 13849 | IceCv    | Found an ancient bone altar of Kikubaaqudgha.
 14262 | IceCv    | Identified the ring "Beuptape" {rElec rN+ Will++ Int+7
                  | Dex+2}
 14602 | D:13     | Found Yliawaadi's Armour Shop.
 15037 | D:13     | Reached skill level 10 in Fighting
 15081 | D:13     | Noticed a vault guard
 15099 | D:13     | Killed a vault guard
 15199 | D:13     | Noticed a vault guard
 15205 | D:13     | Killed a vault guard
 15268 | D:13     | Noticed a vault guard
 15272 | D:13     | Killed a vault guard
 15284 | D:13     | Noticed a vault guard
 15316 | D:13     | Killed a vault guard
 15474 | D:13     | Found a gate to the Vaults.
 15543 | D:13     | Found a gate to the Vaults.
 15844 | D:13     | Found Yliawaadi's Armour Shop.
 16230 | Lair:1   | Entered Level 1 of the Lair of Beasts
 16484 | Lair:1   | Gained mutation: Your large and strong wings let you fly.
                  | [Gargoyle growth]
 16484 | Lair:1   | Reached XP level 14. HP: 88/88 MP: 17/28
 16638 | Lair:1   | Noticed Urug
 16679 | Lair:1   | Killed Urug
 16789 | Lair:1   | Identified the +0 robe "Kutzucukh" {rElec rPois MP+9 Dex+8}
 17026 | Lair:1   | Learned a level 1 spell: Apportation
 17460 | Lair:2   | Found a staircase to the Snake Pit.
 17694 | Lair:2   | Received a gift from Sif Muna
 17751 | Lair:2   | Learned a level 2 spell: Blink
 17930 | Lair:2   | You are sucked into a shaft and drop 2 floors!
 17946 | Lair:4   | Reached skill level 1 in Translocations
 18461 | Lair:2   | Found a staircase to the Shoals.
 20317 | Lair:4   | Noticed a quicksilver ooze
 20319 | Lair:4   | Killed a quicksilver ooze
 20819 | Lair:5   | Entered Level 5 of the Lair of Beasts
 20819 | Lair:5   | Found a gate leading to a gauntlet.
 20875 | Gauntlet | Entered a Gauntlet
 20875 | Gauntlet | Found a transporter.
 20875 | Gauntlet | Found a transporter.
 20879 | Gauntlet | Found a transporter.
 20879 | Gauntlet | Found a transporter.
 20886 | Gauntlet | Found a transporter.
 20907 | Gauntlet | Found a transporter.
 20911 | Gauntlet | Found a large runed translucent door.
 20912 | Gauntlet | Found a large runed translucent door.
 20914 | Gauntlet | Found a runed translucent gate.
 20918 | Gauntlet | Found a transporter.
 20920 | Gauntlet | Found a transporter.
 20932 | Gauntlet | Found a transporter.
 20934 | Gauntlet | Found a runed translucent gate.
 20934 | Gauntlet | Found a runed translucent gate.
 20936 | Gauntlet | Found a large runed translucent door.
 20937 | Gauntlet | Found a large runed translucent door.
 20960 | Gauntlet | Found a large runed translucent door.
 20960 | Gauntlet | Found a transporter.
 20960 | Gauntlet | Found a large runed translucent door.
 20961 | Gauntlet | Found a large runed translucent door.
 20961 | Gauntlet | Found a large runed translucent door.
 20962 | Gauntlet | Found a large runed translucent door.
 20962 | Gauntlet | Found a large runed translucent door.
 20962 | Gauntlet | Found a runed translucent door.
 20962 | Gauntlet | Found a runed translucent door.
 20963 | Gauntlet | Found a large runed translucent door.
 20964 | Gauntlet | Found a large runed translucent door.
 20966 | Gauntlet | Found a transporter.
 21050 | Gauntlet | Found a transporter.
 21064 | Gauntlet | Found a transporter.
 21182 | Gauntlet | Identified the amulet of the Tormentor {RegenMP+ rCorr MP+9
                  | Str+2}
 21515 | Gauntlet | Identified the +1 pair of gloves of the Gardener {+Inv rF-
                  | rN++}
 21563 | Gauntlet | Reached skill level 5 in Translocations
 21584 | Gauntlet | Reached XP level 15. HP: 70/92 MP: 3/30
 21596 | Gauntlet | Identified the +1 pair of boots "Penivoe" {Dex+2 Stlth+}
 21657 | Gauntlet | Identified the +0 broad axe of Modesty {freeze, rC+ Stlth+}
 21683 | Gauntlet | Got Ageidd's Atlas of Septic Signs
 21801 | Lair:5   | Received a gift from Sif Muna
 21804 | Lair:5   | Got Sif Muna's Papyrus of Flames and the Comitatus {god
                  | gift}
 22514 | Lair:5   | Found a burning altar of Makhleb.
 22603 | Lair:5   | Found a gateway to Hell.
 22691 | Lair:5   | Found a viscous altar of Jiyva.
 22691 | Lair:5   | Found a staircase to the Slime Pits.
 22899 | Lair:5   | Learned a level 4 spell: Flame Wave
 23039 | Orc:1    | Entered Level 1 of the Orcish Mines
 23257 | Orc:1    | Reached skill level 15 in Conjurations
 23923 | Orc:2    | Entered Level 2 of the Orcish Mines
 24051 | Orc:2    | Found a staircase to the Elven Halls.
 24074 | Orc:2    | Found a runed translucent gate.
 24074 | Orc:2    | Found a runed translucent gate.
 24075 | Orc:2    | Found a runed translucent gate.
 24077 | Orc:2    | Noticed 10x100's ghost (journeyman MiBe)
 24261 | Orc:2    | Received a gift from Sif Muna
 24342 | Orc:2    | Got Sif Muna's Opusculum on the Liminal Snowflakes {god
                  | gift}
 24402 | Orc:2    | Found Qodupru's Magic Scroll Shop.
 25046 | Orc:2    | Bought a scroll of acquirement for 884 gold pieces
 25046 | Orc:2    | Acquired the Encyclopedia of the Malignant Blaze
 25052 | Orc:2    | Bought a scroll of fear for 68 gold pieces
 25052 | Orc:2    | Bought a scroll of immolation for 68 gold pieces
 25052 | Orc:2    | Bought a scroll of teleportation for 51 gold pieces
 25400 | Orc:2    | Reached XP level 16. HP: 87/97 MP: 22/32
 25436 | Orc:2    | Found a roughly hewn altar of Beogh.
 25924 | Orc:2    | Found Qagerre's Magic Scroll Emporium.
 25924 | Orc:2    | Found Ganiah's Book Emporium.
 25925 | Orc:2    | Found Qiegist's Distillery.
 25925 | Orc:2    | Found Plog's General Store.
 25932 | Orc:2    | Bought a scroll of fog for 52 gold pieces
 25932 | Orc:2    | Bought a scroll of fog for 52 gold pieces
 25932 | Orc:2    | Bought a scroll of teleportation for 39 gold pieces
 25932 | Orc:2    | Bought a scroll of revelation for 97 gold pieces
 25933 | Orc:2    | Bought a potion of cancellation for 136 gold pieces
 25933 | Orc:2    | Bought a potion of enlightenment for 85 gold pieces
 25943 | Orc:2    | Bought a potion of heal wounds for 80 gold pieces
 25943 | Orc:2    | Bought a scroll of immolation for 64 gold pieces
 26026 | Orc:2    | Found a roughly hewn altar of Beogh.
 26077 | Orc:1    | Received a gift from Sif Muna
 26079 | Orc:1    | Got Rusch's Catalogue of the Powerful Welkin {god gift}
 26152 | Orc:2    | Killed 10x100's ghost
 26414 | Orc:2    | Reached skill level 10 in Invocations
 26687 | D:4      | Killed ddoljuk's ghost
 27647 | D:14     | Found Laddeg's Assorted Antiques.
 27655 | D:14     | Bought a viscous green potion for 27 gold pieces
 28103 | D:15     | Entered Level 15 of the Dungeon
 28248 | D:15     | Found a staircase to the Depths.
 28911 | D:15     | Found a portal to a secret trove of treasure.
 29300 | D:15     | Learned a level 4 spell: Leda's Liquefaction
 29533 | Shoals:1 | Entered Level 1 of the Shoals
 29606 | Shoals:1 | Noticed Roxanne
 30160 | Shoals:1 | Noticed Nikola
 30187 | Shoals:1 | Killed Nikola
 30252 | Shoals:1 | Found Doreig's Assorted Antiques.
 31038 | Shoals:1 | Reached skill level 10 in Stealth
 31210 | Shoals:1 | Killed Roxanne
 31420 | Shoals:2 | Received a gift from Sif Muna
 31425 | Shoals:2 | Got Sif Muna's Almanac of Kinetic Energy and Grit {god
                  | gift}
 31639 | Shoals:2 | Identified the +0 animal skin "Inukkann" {Str-5 Dex+6}
 31749 | Shoals:2 | Reached XP level 17. HP: 78/102 MP: 30/33
 31926 | Shoals:2 | Found Pyugiecu's Antique Weapon Emporium.
 31961 | Shoals:2 | Noticed Louise
 31979 | Shoals:2 | Killed Louise
 32468 | Shoals:2 | Found Qump's Jewellery Boutique.
 33375 | Shoals:3 | Found Kaqecs's Weapon Boutique.
 33412 | Shoals:3 | Noticed a kraken
 33817 | Shoals:3 | Killed a kraken
 33908 | Shoals:3 | Found a sacrificial altar of Ru.
 34014 | Shoals:3 | Found a transporter.
 34020 | Shoals:3 | Found a bloodstained altar of Trog.
 34030 | Shoals:3 | Found a transporter.
 34030 | Shoals:3 | Noticed Kaos's ghost (adept DrBe)
 34131 | Shoals:3 | Received a gift from Sif Muna
 34675 | Shoals:4 | Entered Level 4 of the Shoals
 34748 | Shoals:4 | Identified the +5 quarterstaff of Actus Reus {freeze, rF++}
 35105 | Shoals:4 | Noticed Bai Suzhen
 35437 | Shoals:4 | Found a runed translucent door.
 35704 | Shoals:4 | Found a corrupted altar of Lugonu.
 35704 | Shoals:4 | Found a one-way gate to the infinite horrors of the Abyss.
 35758 | Shoals:4 | Killed Bai Suzhen
 35938 | Shoals:4 | Identified the +5 mace "Mumuucuf" {flame, ^Drain Str+6
                  | Dex+2}
 36416 | Shoals:4 | Reached XP level 18. HP: 97/107 MP: 23/35
 36532 | Shoals:4 | Got a barnacled rune of Zot
 37016 | Shoals:1 | Bought a scroll of blinking for 277 gold pieces
 37110 | Snake:1  | Entered Level 1 of the Snake Pit
 37120 | Snake:1  | Learned a level 8 spell: Lehudib's Crystal Spear
 37187 | Snake:1  | Acquired 722 gold pieces
 37914 | Snake:1  | Found an ancient bone altar of Kikubaaqudgha.
 37990 | Snake:1  | Noticed Azrael
 37994 | Snake:1  | Killed Azrael
 38716 | Snake:2  | Identified the +3 robe of Cisytep {rN+}
 40430 | Snake:3  | Identified the serpent talisman "Otaggoni" {Str+2}
 40430 | Snake:3  | Noticed Aizul
 40433 | Snake:3  | Killed Aizul
 40576 | Snake:3  | Identified the ring "Saguepn" {rF+ rN+ rCorr SInv}
 41200 | Snake:3  | Found Nolimobb's Armour Emporium.
 41205 | Snake:3  | Found Yteompeu's Assorted Antiques.
 41266 | Snake:3  | Received a gift from Sif Muna
 41457 | Snake:3  | Reached skill level 15 in Spellcasting
 41460 | Snake:3  | Got Sif Muna's Folio of the Shot and Geomancy {god gift}
 41469 | Snake:3  | Learned a level 6 spell: Permafrost Eruption
 41890 | Snake:3  | Identified the +0 pair of gloves "Vynin" {*Slow Dex+5}
 42096 | Snake:4  | Entered Level 4 of the Snake Pit
 42102 | Snake:4  | Noticed Vashnia
 42688 | Snake:4  | Killed Vashnia
 42856 | Snake:4  | Noticed Mara
 42870 | Snake:4  | Noticed EngineV8's illusion
 43366 | Snake:4  | Reached XP level 19. HP: 116/116 MP: 31/38
 43491 | Snake:4  | Noticed EngineV8's illusion
 43727 | Snake:4  | Killed Mara
 45058 | Snake:4  | Received a gift from Sif Muna
 45059 | Snake:4  | Got Sif Muna's Papyrus of Distorted Essence {god gift}
 45392 | Snake:4  | Reached skill level 1 in Ice Magic
 46056 | Snake:4  | Got a serpentine rune of Zot
 46398 | Elf:1    | Entered Level 1 of the Elven Halls
 46400 | Elf:1    | Reached skill level 15 in Fighting
 46490 | Elf:1    | Noticed Norris
 46925 | Elf:1    | Killed Norris
 47321 | Elf:1    | Reached skill level 5 in Ice Magic
 47683 | Elf:1    | Found Zukaikh's Magic Scroll Shop.
 47747 | Elf:1    | Reached ****** piety under Sif Muna
 47908 | Elf:1    | Bought a scroll of blinking for 112 gold pieces
 47908 | Elf:1    | Bought a scroll of teleportation for 45 gold pieces
 47908 | Elf:1    | Bought 2 scrolls of vulnerability for 120 gold pieces
 47908 | Elf:1    | Bought a scroll of teleportation for 45 gold pieces
 47908 | Elf:1    | Bought a scroll of summoning for 142 gold pieces
 47947 | Elf:1    | Noticed Asterion
 47951 | Elf:1    | Killed Asterion
 48193 | Elf:1    | Found a radiant altar of Vehumet.
 48599 | Elf:1    | Found Vychyo's Book Emporium.
 48600 | Elf:1    | Found Gipniw's Jewellery Shop.
 48600 | Elf:1    | Found Yshre Rio's Jewellery Shop.
 48640 | Elf:2    | Reached XP level 20. HP: 77/129 MP: 23/39
 48990 | Elf:2    | Found a runed translucent gate.
 48991 | Elf:2    | Found a runed translucent gate.
 48991 | Elf:2    | Found a runed translucent gate.
 49026 | Elf:2    | Found Teimirot's Weapon Shoppe.
 49505 | Elf:2    | Received a gift from Sif Muna
 49506 | Elf:2    | Got Qyacsawke's Secrets of Hurtful Support {god gift}
 50227 | Elf:2    | Found a runed translucent door.
 50227 | Elf:2    | Noticed Qonwierph's ghost (adept MDFi)
 51221 | Elf:2    | Identified the blade talisman "Daenell" {Will- Str+4}
 51362 | Elf:2    | Killed Qonwierph's ghost
 51514 | Elf:3    | Entered Level 3 of the Elven Halls
 51596 | Elf:3    | Found Uczypp's Distillery.
 51635 | Elf:3    | Found Vuavvym's General Store.
 51698 | Elf:3    | Found Vyoreint's Distillery.
 51829 | Elf:3    | Found a flickering gateway to a bazaar.
 51854 | Bazaar   | Entered a bazaar
 51856 | Bazaar   | Found Lalich's Jewellery Boutique.
 51856 | Bazaar   | Found Ofinogu's Weapon Boutique.
 51885 | Bazaar   | Found Mighiuli's Jewellery Shop.
 51934 | Bazaar   | Found Xoom's Jewellery Boutique.
 52037 | Bazaar   | Learned a level 9 spell: Shatter
 52056 | Bazaar   | Bought a +6 ring of intelligence for 432 gold pieces
 52560 | Elf:3    | Identified the ring of Attetiac {Wiz rC+ MP-9 Str+6}
 52563 | Elf:3    | Received a gift from Sif Muna
 52662 | Elf:3    | Got Sif Muna's Atlas of Atmospheric Omens {god gift}
 52675 | Elf:3    | Reached XP level 21. HP: 119/134 MP: 28/41
 52693 | Elf:3    | Identified the +0 gold dragon scales "Peopp" {rPois rF+ rC+
                  | rN+ MP+9 SInv Stlth+}
 52818 | Elf:3    | Identified the +6 halberd of EngineV8's Doom {drain, Int+3}
 52844 | Elf:3    | Got the Parchment of the Rattlesnake
 52856 | Elf:3    | Identified the +0 plate armour of Hem Syn {Dex+5}
 52895 | Elf:3    | Identified the +5 arbalest of Dismemberment {heavy, Int+2}
 52902 | Elf:3    | Got The Ultimate Guide to Willworking
 53175 | Vaults:1 | Entered Level 1 of the Vaults
 53813 | Vaults:1 | Found a glowing silver altar of Zin.
 54016 | Vaults:1 | Received a gift from Sif Muna
 54017 | Vaults:1 | Got Vykk's Octavo of Blows {god gift}
 54273 | Vaults:1 | Found Xoededea's Distillery.
 54283 | Vaults:1 | Bought a potion of magic for 104 gold pieces
 54283 | Vaults:1 | Bought a potion of curing for 39 gold pieces
 54283 | Vaults:1 | Bought a potion of curing for 39 gold pieces
 54283 | Vaults:1 | Bought a potion of heal wounds for 65 gold pieces
 54390 | Vaults:1 | Identified the ring of the Ancients {rPois rC+++ Will+ MP+9
                  | Dex-4}
 54772 | Vaults:2 | Found a crumbling gateway.
 54806 | Desolati | Entered the Desolation of Salt
 55001 | Desolati | Identified the +3 leather armour "Dinez" {rCorr}
 55004 | Desolati | Identified the ring of the Bull {Str+2 Int+6 SInv}
 55021 | Desolati | Identified the scarf of Dogma {harm, Int+5}
 55167 | Desolati | Identified the amulet of the Trilobite {rElec rC+ Regen+}
 55326 | Desolati | Got Cuwu's Almanac of the Displaced Gargoyle
 55328 | Desolati | Identified the +2 pair of gloves "Posmirom" {+Blink}
 55698 | Desolati | Received a gift from Sif Muna
 55899 | Desolati | Identified the ring "Ifugaok" {rC+ Will+ MP+9 Int+4}
 56276 | Vaults:2 | Noticed Xtahua
 56284 | Vaults:2 | Noticed Zenata
 56476 | Vaults:2 | Reached XP level 22. HP: 117/140 MP: 34/43
 56635 | Vaults:2 | Killed Zenata
 56758 | Vaults:2 | You are sucked into a shaft and drop 2 floors!
 56935 | Vaults:3 | Noticed Donald
 56940 | Vaults:3 | Killed Donald
 57032 | Vaults:3 | Reached skill level 1 in Shields
 57598 | Vaults:3 | Received a gift from Sif Muna
 57601 | Vaults:3 | Got Sif Muna's Thoughts on Macabre Glamour {god gift}
 58016 | Vaults:3 | Noticed Sojobo
 58018 | Vaults:3 | Killed Sojobo
 58485 | Vaults:4 | Reached skill level 5 in Shields
 58760 | Vaults:4 | Identified the +10 war axe of Disaster {protect, Int+2
                  | Dex+4}
 59594 | Vaults:4 | Received a gift from Sif Muna
 59595 | Vaults:4 | Got Sif Muna's Papyrus of the Sky and Bolts {god gift}
 59982 | Vaults:2 | Reached XP level 23. HP: 144/144 MP: 45/45
 60655 | Vaults:2 | Found a staircase to the Crypt.
 61374 | Vaults:2 | Found a staircase to the Crypt.
 61584 | Vaults:2 | Killed Xtahua
 62521 | D:7      | Bought a glowing robe for 88 gold pieces
 62683 | Shoals:1 | Bought a steaming leather armour for 259 gold pieces
 62683 | Shoals:1 | Identified the +1 leather armour "Imnoc" {Int+7} (You
                  | bought it in a shop on level 1 of the Shoals)
 62693 | Shoals:1 | Bought a potion of mutation for 296 gold pieces
 62693 | Shoals:1 | Bought a potion of heal wounds for 185 gold pieces
 62910 | Orc:2    | Bought a potion of curing for 51 gold pieces
 62910 | Orc:2    | Bought a potion of curing for 51 gold pieces
 62910 | Orc:2    | Bought a potion of heal wounds for 85 gold pieces
 62910 | Orc:2    | Bought a potion of curing for 51 gold pieces
 62910 | Orc:2    | Bought a potion of heal wounds for 85 gold pieces
 63085 | Elf:3    | Bought a potion of heal wounds for 85 gold pieces
 63085 | Elf:3    | Bought a potion of haste for 170 gold pieces
 63085 | Elf:3    | Bought a potion of curing for 51 gold pieces
 63085 | Elf:3    | Bought a potion of curing for 51 gold pieces
 63085 | Elf:3    | Bought a potion of heal wounds for 85 gold pieces
 63111 | Elf:3    | Bought a potion of cancellation for 144 gold pieces
 63136 | Elf:3    | Bought a potion of haste for 180 gold pieces
 63136 | Elf:3    | Bought a potion of magic for 144 gold pieces
 63136 | Elf:3    | Bought a potion of ambrosia for 144 gold pieces
 63136 | Elf:3    | Bought a potion of curing for 54 gold pieces
 63369 | D:14     | Bought a potion of brilliance for 124 gold pieces
 63388 | Depths:1 | Entered Level 1 of the Depths
 63458 | Depths:1 | Reached skill level 10 in Evocations
 63589 | Depths:1 | Received a gift from Sif Muna
 63609 | Depths:1 | Reached skill level 10 in Shields
 63966 | Depths:1 | Found a one-way gate leading to the halls of Pandemonium.
 64125 | Depths:1 | Identified the ring of the Wary Xenops {rPois rF+}
 64127 | Depths:1 | Identified the +3 great sword "Rynen" {drain, rC++ rN+
                  | Dex-2}
 64128 | Depths:1 | Identified the +4 rapier of Ustuphia {freeze, Str+6 Stlth+}
 64128 | Depths:1 | Identified the ring of Fomoept {rPois rN+ Str+6 Dex+2}
 64140 | Depths:1 | Noticed a golden dragon
 64144 | Depths:1 | Killed a golden dragon
 64568 | Depths:1 | Found a sparkling altar of Nemelex Xobeh.
 64661 | Depths:2 | Received a gift from Sif Muna
 64663 | Depths:2 | Got Dujirow's Tractate on Bringing Forth {god gift}
 64909 | Depths:2 | Noticed a caustic shrike
 64912 | Depths:2 | Killed a caustic shrike
 64919 | Depths:2 | Noticed a caustic shrike
 64922 | Depths:2 | Killed a caustic shrike
 64951 | Depths:2 | Noticed a juggernaut
 64955 | Depths:2 | Killed a juggernaut
 64956 | Depths:2 | Reached XP level 24. HP: 131/151 MP: 36/45
 65177 | Depths:2 | Found a one-way gateway to a ziggurat.
 65620 | Depths:2 | Identified the ring "Itoibydgh" {rElec rF+ rC+++ Dex-5
                  | Stlth+}
 65632 | Depths:2 | Identified the +7 trident of Vomorar {heavy, Str+2}
 65709 | Depths:2 | You are sucked into a shaft and drop 2 floors!
 65709 | Depths:4 | Entered Level 4 of the Depths
 65727 | Depths:4 | Found Kauch's Jewellery Shop.
 65826 | Depths:4 | Received a gift from Sif Muna
 65827 | Depths:4 | Got Joash's Incunable of Doom {god gift}
 65939 | Depths:4 | Acquired 765 gold pieces
 66662 | Depths:4 | Found a gate to the Realm of Zot.
 66667 | Depths:4 | Got a midnight gem with 21 turns to spare
 66750 | Depths:3 | Received a gift from Sif Muna
 66895 | Depths:3 | Noticed a juggernaut
 66898 | Depths:3 | Killed a juggernaut
 66967 | Depths:3 | Reached XP level 25. HP: 104/160 MP: 46/46
 67310 | Depths:2 | Reached skill level 15 in Shields
 67497 | Depths:2 | Found a corrupted altar of Lugonu.
 67940 | Depths:2 | Identified the +5 ring mail "Ihuapno" {Int+3}
 68769 | Vaults:5 | Entered Level 5 of the Vaults
 68770 | Vaults:5 | Received a gift from Sif Muna
 68872 | Vaults:5 | Noticed a dread lich
 68874 | Vaults:5 | Killed a dread lich
 68879 | Vaults:5 | Reached skill level 27 in Earth Magic
 68879 | Vaults:5 | Received a gift from Sif Muna
 68882 | Vaults:5 | Reached XP level 26. HP: 113/168 MP: 21/46
 68884 | Vaults:5 | Noticed an ancient lich
 68885 | Vaults:5 | Reached skill level 15 in Invocations
 68885 | Vaults:5 | Killed an ancient lich
 68890 | Vaults:5 | Identified the ring of the Baku {rPois Will+ rCorr Int-5
                  | Stlth+}
 68983 | Vaults:5 | Got Sif Muna's Writings on Topological Battling {god gift}
 68983 | Vaults:5 | Got Sif Muna's Elucidation of the White Departed {god gift}
 69003 | Vaults:5 | Identified the +3 great sword of Fedhas's Generosity
                  | {flame, rN++ rCorr Int+2 Stlth-}
 69073 | Vaults:5 | Acquired a book of Death
 69315 | Vaults:5 | Identified the +1 spear "Orb Guardian's Foe" {flame, rC+
                  | rN+ rCorr Int+3}
 69590 | Vaults:5 | Got a silver rune of Zot
 69721 | Vaults:5 | Identified the +1 great mace of the Heavens {antimagic,
                  | rF+}
 70196 | Zot:1    | Entered Level 1 of the Realm of Zot
 70309 | Depths:4 | Learned a level 5 spell: Fireball
 70401 | Zot:1    | Received a gift from Sif Muna
 71679 | Zot:2    | Reached skill level 15 in Stealth
 71845 | Zot:2    | Received a gift from Sif Muna
 71869 | Zot:2    | Got Sif Muna's Cyclopedia of Adjuration and Stones {god
                  | gift}
 72253 | Zot:2    | Reached XP level 27. HP: 140/179 MP: 40/47
 72348 | Zot:2    | Identified the +0 buckler "Noentoxt" {Rampage}
 73509 | Zot:3    | Found the +8 autumn katana {manifold assault}
 74480 | Zot:4    | Learned a level 6 spell: Gell's Gavotte
 74655 | Zot:5    | Entered Level 5 of the Realm of Zot
 75033 | Zot:5    | Identified the +0 ring mail of Beeheif {^Drain Dex+7}
 75383 | D:15     | You paid a toll of 4 scrolls of blinking to enter a
                  | treasure trove
 75384 | Trove    | Entered a treasure trove
 75391 | Trove    | Identified the +1 helmet of the Demon Prince {rC++ Int+3}
 75399 | Trove    | Identified the orb of Anaesthesia {guile, rC- rN+ Earth}
 75404 | Trove    | Identified the ring "Ruwomok" {rPois Slay+4}
 75675 | Orc:2    | Bought a scroll of summoning for 152 gold pieces
 75871 | D:14     | Bought a potion of enlightenment for 155 gold pieces
 75871 | D:14     | Bought 2 potions of enlightenment for 310 gold pieces
 76156 | Snake:3  | Bought a potion of heal wounds for 195 gold pieces
 76156 | Snake:3  | Bought a scroll of immolation for 156 gold pieces
 76156 | Snake:3  | Bought a wand of warping (4) for 374 gold pieces
 76156 | Snake:3  | Bought a scroll of immolation for 156 gold pieces
 76465 | Vaults:1 | Bought a potion of lignification for 39 gold pieces
 76509 | Crypt:1  | Entered Level 1 of the Crypt
 76539 | Crypt:1  | Noticed a dread lich
 76541 | Crypt:1  | Killed a dread lich
 77404 | Crypt:2  | Noticed a royal mummy
 77404 | Crypt:2  | Noticed a royal mummy
 77405 | Crypt:2  | Noticed Khufu
 77407 | Crypt:2  | Killed a royal mummy
 77407 | Crypt:2  | Killed a royal mummy
 77407 | Crypt:2  | Killed Khufu
 77529 | Crypt:2  | Reached skill level 10 in Translocations
 77534 | Crypt:2  | Reached skill level 1 in Fire Magic
 77552 | Crypt:2  | Noticed Esecs's ghost (veteran GrEE)
 77592 | Crypt:2  | Killed Esecs's ghost
 77727 | Crypt:2  | Found a runed translucent door.
 78010 | Crypt:2  | Noticed a dread lich
 78011 | Crypt:2  | Killed a dread lich
 78154 | Crypt:3  | Entered Level 3 of the Crypt
 78673 | Crypt:3  | Noticed a dread lich
 78679 | Crypt:3  | Killed a dread lich
 78679 | Crypt:3  | Noticed an ancient lich
 78681 | Crypt:3  | Killed an ancient lich
 78724 | Crypt:3  | Noticed a dread lich
 78725 | Crypt:3  | Killed a dread lich
 78726 | Crypt:3  | Reached skill level 10 in Fire Magic
 78743 | Crypt:3  | Identified the amulet "Xamimnos" {rN++ Regen+ RegenMP+
                  | Int-5}
 78894 | Crypt:3  | Found a staircase to the Tomb.
 79404 | Slime:1  | Entered Level 1 of the Pits of Slime
 79582 | Slime:1  | Learned a level 5 spell: Irradiate
 79887 | Slime:5  | Entered Level 5 of the Pits of Slime
 79993 | Slime:5  | Noticed the Royal Jelly
 79997 | Slime:5  | Killed the Royal Jelly
 80002 | Slime:5  | Found the +8 demon trident "Rift" {distort, reach+}
 80303 | Slime:5  | Identified the amulet "Yjiseav" {-Tele rF+ Regen+ Int+5}
 80316 | Slime:5  | Acquired a manual of Translocations
 80457 | Slime:5  | Identified the amulet "Masatefo" {^Fragile rC++ RegenMP+
                  | Int+5}
 80460 | Slime:5  | Got a slimy rune of Zot
 80817 | Slime:4  | Noticed Dissolution
 80893 | Slime:4  | Killed Dissolution
 82213 | Snake:3  | Bought 2 scrolls of enchant armour for 585 gold pieces
 82878 | Pan      | Entered Pandemonium
 82881 | Pan      | Reached skill level 15 in Fire Magic
 82882 | Pan      | Reached skill level 1 in Armour
 83126 | Pan      | Noticed Doar the pandemonium lord
 83130 | Pan      | Killed Doar the pandemonium lord
 83272 | Pan      | Identified the +5 chain mail of the Armoured One {Str+4}
 83899 | Pan      | Noticed Ignacio
 83908 | Pan      | Killed Ignacio
 83909 | Pan      | Reached skill level 5 in Armour
 84113 | Pan      | Acquired a manual of Shields
 84117 | Pan      | Found a runed translucent door.
 84121 | Pan      | Found a runed translucent door.
 84126 | Pan      | Found a runed translucent door.
 84126 | Pan      | Found a runed translucent door.
 84224 | Pan      | Noticed Pahot the pandemonium lord
 84231 | Pan      | Killed Pahot the pandemonium lord
 84424 | Pan      | Identified the +10 spear "Jynliosi" {drain, ^Fragile Int+4
                  | SInv}
 85193 | Pan      | Noticed Zeuguem the pandemonium lord
 85203 | Pan      | Killed Zeuguem the pandemonium lord
 85790 | Pan      | Reached skill level 1 in Throwing
 85847 | Pan      | Noticed Mennas
 85947 | Pan      | Noticed Esiedgh the pandemonium lord
 85949 | Pan      | Killed Esiedgh the pandemonium lord
 86106 | Pan      | Killed Mennas
 86174 | Pan      | Gained mutation: You do not regenerate when monsters are
                  | visible. [a cacodemon]
 86204 | Pan      | Lost mutation: You do not regenerate when monsters are
                  | visible. [potion of mutation]
 86204 | Pan      | Gained mutation: Your muscles are strong. (Str +4, Int/Dex
                  | -1) [potion of mutation]
 86204 | Pan      | Gained mutation: You are partially covered in iridescent
                  | scales. (AC +2) [potion of mutation]
 86204 | Pan      | Gained mutation: Potions are less effective at restoring
                  | your health. [potion of mutation]
 86294 | Pan      | Got a demonic rune of Zot
 86357 | Pan      | Identified the amulet of Duophumuho {^Contam *Slow rN+++
                  | Will+ Regen+}
 86458 | Pan      | Identified the +5 scale mail "Xuomici" {Will+ Stlth+}
 87214 | Pan      | Reached skill level 10 in Armour
 87273 | Pan      | Noticed Wif Zyk the pandemonium lord
 87283 | Pan      | Killed Wif Zyk the pandemonium lord
 88306 | Pan      | Found an exit through the horrors of the Abyss.
 88437 | Pan      | Noticed Ved Seawa the pandemonium lord
 88452 | Pan      | Reached skill level 5 in Throwing
 88519 | Pan      | Killed Ved Seawa the pandemonium lord
 89376 | Pan      | Found an exit through the horrors of the Abyss.
 89650 | Pan      | Identified the +0 ring mail "Caotet" {rElec rN+ Str+2
                  | Int+4}
 89763 | Pan      | Found a transporter.
 89765 | Pan      | Found a transporter.
 90491 | Pan      | Identified the +0 hat "Taezaabb" {rC+ Str+3}
 90520 | Pan      | Identified the +5 short sword of Bloody Death {drain, rElec
                  | rC+}
 90542 | Pan      | Identified the ring "Musile" {Ice MP-9 Dex+3}
 90572 | Pan      | Lost mutation: You are partially covered in iridescent
                  | scales. (AC +2) [potion of mutation]
 90572 | Pan      | Lost mutation: Potions are less effective at restoring your
                  | health. [potion of mutation]
 90572 | Pan      | Lost mutation: Your muscles are strong. (Str +4, Int/Dex
                  | -1) [potion of mutation]
 90572 | Pan      | Gained mutation: You are partially covered in iridescent
                  | scales. (AC +2) [potion of mutation]
 90572 | Pan      | Gained mutation: You passively dampen the noise of your
                  | surroundings. [potion of mutation]
 90572 | Pan      | Gained mutation: You are strong-willed. (Will+) [potion of
                  | mutation]
 90652 | Depths:1 | Escaped Pandemonium
 90829 | Zot:1    | Learned a level 9 spell: Fire Storm
 90836 | Zot:1    | Learned a level 5 spell: Borgnjor's Vile Clutch
 90999 | Pan      | Entered Pandemonium
 91024 | Pan      | Noticed Warin the pandemonium lord
 91029 | Pan      | Killed Warin the pandemonium lord
 91290 | Pan      | Identified the ring of Apomaap {rF+ EV+5 Int+2 Stlth+}
 91891 | Pan      | Found Iderou Vaib's Jewellery Shoppe.
 91892 | Pan      | Found an opulent altar of Gozag.
 92008 | Pan      | Noticed Iderou Vaib the pandemonium lord
 92018 | Pan      | Killed Iderou Vaib the pandemonium lord
 92150 | Pan      | Noticed a dread lich
 92155 | Pan      | Killed a dread lich
 92252 | Pan      | Found an opulent altar of Gozag.
 92405 | Pan      | Found Iderou Vaib's Infernal Boutique.
 92419 | Pan      | Found an opulent altar of Gozag.
 92547 | Pan      | Found Iderou Vaib's Book Shoppe.
 92550 | Pan      | Found Iderou Vaib's Rarities Depository.
 92579 | Pan      | Bought the +1 robe of the First Snow {rPois Regen+ Int+6}
                  | for 619 gold pieces
 93256 | Pan      | Entered the realm of Gloorx Vloq.
 93393 | Pan      | Identified the +7 ring mail of Shielding {SInv}
 93715 | Pan      | Reached skill level 15 in Armour
 94171 | Pan      | Noticed Gloorx Vloq
 94175 | Pan      | Killed Gloorx Vloq
 94248 | Pan      | Got a dark rune of Zot
 94692 | Pan      | Entered the realm of Mnoleg.
 94954 | Pan      | Found a bloodstained altar of Trog.
 94999 | Pan      | Found an exit through the horrors of the Abyss.
 95355 | Pan      | Gained mutation: You are clumsy. (Dex -2) [a neqoxec]
 95579 | Pan      | Gained mutation: You occasionally lose the ability to drink
                  | potions when taking damage. [a neqoxec]
 95598 | Pan      | Lost mutation: You are partially covered in iridescent
                  | scales. (AC +2) [potion of mutation]
 95598 | Pan      | Lost mutation: You are strong-willed. (Will+) [potion of
                  | mutation]
 95598 | Pan      | Gained mutation: You are partially covered in large bone
                  | plates. (SH +4) [potion of mutation]
 95598 | Pan      | Gained mutation: You have a pair of small horns on your
                  | head. [potion of mutation]
 95598 | Pan      | Gained mutation: You are robust. (+10% HP) [potion of
                  | mutation]
 95827 | Pan      | Noticed Mnoleg
 95833 | Pan      | Killed Mnoleg
 95975 | Pan      | Got a glowing rune of Zot
 96041 | Pan      | Noticed Dulasmomedd the pandemonium lord
 96044 | Pan      | Killed Dulasmomedd the pandemonium lord
 96632 | Pan      | Entered the realm of Cerebov.
 96987 | Pan      | Identified the +6 battleaxe of Sloth {venom, rF+}
 97405 | Pan      | Lost mutation: You are partially covered in large bone
                  | plates. (SH +4) [potion of mutation]
 97405 | Pan      | Lost mutation: You have a pair of small horns on your head.
                  | [potion of mutation]
 97405 | Pan      | Lost mutation: You are clumsy. (Dex -2) [potion of
                  | mutation]
 97405 | Pan      | Gained mutation: You are vulnerable to heat. (rF-) [potion
                  | of mutation]
 97406 | Pan      | Lost mutation: You passively dampen the noise of your
                  | surroundings. [potion of mutation]
 97406 | Pan      | Lost mutation: You are robust. (+10% HP) [potion of
                  | mutation]
 97406 | Pan      | Lost mutation: You occasionally lose the ability to drink
                  | potions when taking damage. [potion of mutation]
 97406 | Pan      | Gained mutation: You are frail. (-10% HP) [potion of
                  | mutation]
 97406 | Pan      | Gained mutation: Your skin changes colour to match your
                  | surroundings (Stealth+). [potion of mutation]
 97407 | Pan      | Lost mutation: You are frail. (-10% HP) [potion of
                  | mutation]
 97407 | Pan      | Lost mutation: You are vulnerable to heat. (rF-) [potion of
                  | mutation]
 97407 | Pan      | Gained mutation: You are dopey. (Int -2) [potion of
                  | mutation]
 97407 | Pan      | Gained mutation: You are partially covered in large bone
                  | plates. (SH +4) [potion of mutation]
 97407 | Pan      | Gained mutation: You have hidden genetic potential. [potion
                  | of mutation]
 97689 | Pan      | Found an exit through the horrors of the Abyss.
 98130 | Pan      | Found the +6 sword of Cerebov {flame}
 98130 | Pan      | Noticed Cerebov
 98165 | Pan      | Identified the staff of Roskies {rElec rPois rC+ rN+ Summ
                  | Ice}
 98178 | Pan      | Killed Cerebov
 98188 | Pan      | Identified the +8 plate armour of the Sturgeon {Int+2 Dex+3
                  | Slay-3}
 98192 | Pan      | Identified the staff "Waomepru" {+Blink rN+ Str-5 Int+6
                  | Necro}
 98218 | Pan      | Got a fiery rune of Zot
 98305 | Pan      | Found a runed translucent door.
 98305 | Pan      | Found a runed translucent door.
 98683 | Pan      | Found a runed translucent door.
 98683 | Pan      | Noticed Fowec the pandemonium lord
 98687 | Pan      | Found a runed translucent door.
 98856 | Pan      | Found an exit through the horrors of the Abyss.
 98965 | Pan      | Identified the +6 scale mail of Duck's Teeth {rF+ rC++
                  | Slay+2}
 99187 | Pan      | Killed Fowec the pandemonium lord
 99338 | Pan      | Identified the +3 lajatang "Nexapet" {heavy, rN+ Int+2}
 99370 | Pan      | Entered the realm of Lom Lobon.
 99769 | Pan      | Found an exit through the horrors of the Abyss.
100059 | Pan      | Noticed Lom Lobon
100065 | Pan      | Killed Lom Lobon
100180 | Pan      | Got a magical rune of Zot
100410 | Pan      | Took an exit into the Abyss.
100410 | Abyss:1  | Escaped into the Abyss
100585 | Depths:2 | Escaped the Abyss
100640 | Depths:2 | Voluntarily entered the Abyss.
101257 | Abyss:3  | Gained mutation: You are covered in fur. (AC +1) [hidden
                  | potential]
101549 | Abyss:4  | Noticed a dread lich
101563 | Abyss:4  | Killed a dread lich
101722 | Abyss:4  | Got an abyssal rune of Zot
101735 | Depths:2 | Escaped the Abyss
102052 | Shoals:3 | Killed Kaos's ghost
102491 | Tomb:1   | Entered Level 1 of the Tomb of the Ancients
102502 | Tomb:1   | Noticed a royal mummy
102506 | Tomb:1   | Killed a royal mummy
102562 | Tomb:1   | Noticed a royal mummy
102565 | Tomb:1   | Killed a royal mummy
102611 | Tomb:1   | Noticed a royal mummy
102613 | Tomb:1   | Killed a royal mummy
102708 | Tomb:1   | Noticed a royal mummy
102710 | Tomb:1   | Killed a royal mummy
102861 | Tomb:1   | Noticed a royal mummy
102862 | Tomb:1   | Noticed a royal mummy
102863 | Tomb:1   | Killed a royal mummy
102864 | Tomb:1   | Killed a royal mummy
102865 | Tomb:1   | Noticed a royal mummy
102866 | Tomb:1   | Noticed a royal mummy
102867 | Tomb:1   | Noticed a royal mummy
102933 | Tomb:1   | Killed a royal mummy
102933 | Tomb:1   | Noticed a royal mummy
102934 | Tomb:1   | Killed a royal mummy
102935 | Tomb:1   | Killed a royal mummy
102935 | Tomb:1   | Killed a royal mummy
102935 | Tomb:1   | Noticed a royal mummy
102937 | Tomb:1   | Killed a royal mummy
103155 | Tomb:1   | Identified the staff "Ogreslayer" {rN+ Dex-5 SInv Necro
                  | Fire}
103854 | Tomb:2   | Noticed a royal mummy
103855 | Tomb:2   | Noticed a royal mummy
103855 | Tomb:2   | Noticed a royal mummy
103857 | Tomb:2   | Killed a royal mummy
103857 | Tomb:2   | Killed a royal mummy
103857 | Tomb:2   | Noticed a royal mummy
103858 | Tomb:2   | Killed a royal mummy
103859 | Tomb:2   | Killed a royal mummy
104299 | Tomb:2   | Gained mutation: You have sharp toenails. [hidden
                  | potential]
104299 | Tomb:2   | Lost mutation: You have hidden genetic potential. [hidden
                  | potential expressed]
104313 | Tomb:2   | Identified the amulet "Baytash" {^Drain rElec RegenMP+
                  | Int+4}
104492 | Tomb:3   | Entered Level 3 of the Tomb of the Ancients
104501 | Tomb:3   | Noticed a royal mummy
104507 | Tomb:3   | Noticed a royal mummy
104508 | Tomb:3   | Killed a royal mummy
104509 | Tomb:3   | Killed a royal mummy
104509 | Tomb:3   | Noticed a royal mummy
104510 | Tomb:3   | Killed a royal mummy
104512 | Tomb:3   | Noticed a royal mummy
104515 | Tomb:3   | Killed a royal mummy
104515 | Tomb:3   | Noticed a royal mummy
104516 | Tomb:3   | Noticed a royal mummy
104517 | Tomb:3   | Noticed a royal mummy
104519 | Tomb:3   | Killed a royal mummy
104519 | Tomb:3   | Killed a royal mummy
104519 | Tomb:3   | Noticed a royal mummy
104520 | Tomb:3   | Killed a royal mummy
104522 | Tomb:3   | Killed a royal mummy
104540 | Tomb:3   | Noticed a royal mummy
104609 | Tomb:3   | Killed a royal mummy
104967 | Tomb:3   | Identified the staff of Nypoane {rF+ Fire Air}
105006 | Tomb:3   | Identified the +2 cloak "Wysuino" {*Corrode rC+ Will+
                  | Str+3}
105032 | Tomb:3   | Identified the +1 orcbow of Ihyl {heavy, rC+ Str+6}
105037 | Tomb:3   | Identified the +6 scale mail "Ziujimiu" {rN+}
105127 | Tomb:3   | Got a golden rune of Zot
105697 | Hell     | Entered the Vestibule of Hell
105698 | Hell     | Noticed Geryon
105704 | Hell     | Killed Geryon
106093 | Hell     | Found a gateway to the decaying netherworld of Tartarus.
106199 | Hell     | Found a gateway to the freezing wastes of Cocytus.
106268 | Hell     | Found a gateway to the Iron City of Dis.
106300 | Hell     | Found a gateway to the ashen valley of Gehenna.
106478 | Geh:1    | Entered Level 1 of Gehenna
107193 | Geh:3    | You are sucked into a shaft and drop 2 floors!
107302 | Geh:5    | Killed an ancient lich
107966 | Geh:7    | Entered Level 7 of Gehenna
108543 | Geh:7    | Noticed the Serpent of Hell
108549 | Geh:7    | Killed the Serpent of Hell
109024 | Geh:7    | Found the +13 sceptre of Asmodeus
109024 | Geh:7    | Noticed Asmodeus
109031 | Geh:7    | Killed Asmodeus
109037 | Geh:7    | Got an obsidian rune of Zot
109553 | Dis:1    | Entered Level 1 of the Iron City of Dis
110142 | Dis:4    | You are sucked into a shaft and drop 2 floors!
110554 | Dis:7    | Entered Level 7 of the Iron City of Dis
111154 | Dis:7    | Noticed a juggernaut
111157 | Dis:7    | Killed a juggernaut
112216 | Dis:7    | Reached skill level 27 in Conjurations
113017 | Dis:7    | Noticed Dispater
113017 | Dis:7    | Noticed a juggernaut
113019 | Dis:7    | Killed a juggernaut
113023 | Dis:7    | Killed Dispater
113120 | Dis:7    | Got an iron rune of Zot
113208 | Coc:1    | Entered Level 1 of Cocytus
113354 | Coc:1    | You are sucked into a shaft and drop 1 floor!
113475 | Coc:2    | Reached skill level 27 in Fire Magic
113840 | Coc:4    | Paralysed by a wendigo for 1 turns
114326 | Coc:5    | Reached skill level 27 in Spellcasting
115035 | Coc:7    | Entered Level 7 of Cocytus
116024 | Coc:7    | Identified the +6 flail of Ojas {flame, Str+2}
116024 | Coc:7    | Noticed Antaeus
116037 | Coc:7    | Killed Antaeus
116443 | Coc:7    | Identified the +3 leather armour "Saytiuph" {Harm rElec}
116463 | Coc:7    | Got an icy rune of Zot
116466 | Coc:7    | Identified the staff of Corpus Delicti {rN+ SInv Necro}
116472 | Coc:7    | Identified the staff of Analysis {rElec rPois rF+ rC+ Will-
                  | Ice}
116496 | Coc:7    | Identified the staff of Red Tortfeasance {rC- MP+9 Str+4
                  | SInv Conj}
117309 | Tar:1    | Entered Level 1 of Tartarus
117334 | Tar:1    | Lost mutation: You are covered in fur. (AC +1) [potion of
                  | mutation]
117334 | Tar:1    | Lost mutation: You are partially covered in large bone
                  | plates. (SH +4) [potion of mutation]
117334 | Tar:1    | Lost mutation: You are dopey. (Int -2) [potion of mutation]
117334 | Tar:1    | Gained mutation: Your muscles are strong. (Str +4, Int/Dex
                  | -1) [potion of mutation]
117334 | Tar:1    | Gained mutation: Your flesh is heat resistant. (rF+)
                  | [potion of mutation]
119375 | Tar:7    | Entered Level 7 of Tartarus
120106 | Tar:7    | Reached skill level 15 in Evocations
120181 | Tar:7    | Reached skill level 27 in Fighting
120406 | Tar:7    | Identified the +2 plate armour of Makhleb's Vengeance
                  | {Dex+4}
120878 | Tar:7    | Identified the +0 plate armour of the Wilderness {rF+ Str+5
                  | Int+3 Dex+2}
120879 | Tar:7    | Identified the +2 shortbow of Aryocvur {drain, rPois Dex+2}
121077 | Tar:7    | Noticed Ereshkigal
121087 | Tar:7    | Killed Ereshkigal
121117 | Tar:7    | Identified the +5 chain mail of the Hills {rF+ rN+++ Int-2
                  | Slay-3}
121119 | Tar:7    | Got a bone rune of Zot
121122 | Tar:7    | Identified the amulet of Ephemeral Luck {Rampage Regen+
                  | Int+4}
121123 | Tar:7    | Identified the +5 scimitar of Unapn {flame, *Noise Str+2
                  | Int+3}
121128 | Tar:7    | Identified the staff "Goblin's Death" {rF+ Dex+3 Fire}
121475 | Zot:5    | Noticed an orb of fire
121477 | Zot:5    | Killed an ancient lich
121477 | Zot:5    | Noticed an orb of fire
121478 | Zot:5    | Killed an orb of fire
121480 | Zot:5    | Noticed an orb of fire
121482 | Zot:5    | Killed an orb of fire
121482 | Zot:5    | Killed an orb of fire
121487 | Zot:5    | Noticed a dread lich
121489 | Zot:5    | Killed a dread lich
121492 | Zot:5    | Noticed an ancient lich
121494 | Zot:5    | Killed an ancient lich
121555 | Zot:5    | Reached skill level 27 in Armour
121650 | Zot:5    | Identified the +6 spear of Cubbuxzo {heavy, ^Contam rC-
                  | rN+++ Dex+3}
121896 | Zot:5    | Got the Orb of Zot
121948 | Zot:5    | Noticed Siun Ogo the pandemonium lord
121949 | Zot:5    | Killed Siun Ogo the pandemonium lord
122295 | D:8      | Noticed Untoycit the pandemonium lord
122297 | D:8      | Killed Untoycit the pandemonium lord
122411 | D:1      | Noticed a seraph
122416 | D:1      | Identified the +3 buckler of Intuition {rPois rCorr}
122418 | D:1      | Killed a seraph
122442 | D:$      | Escaped with the Orb!

Illustrated notes

Levels and vault maps discovered:
D:1:      onia_arrival_mini_maze, layout_basic
D:2:      layout_basic, shapermc_ecumenical_altar_venn, minmay_pentomino_pile,
          uniq_sigmund
D:3:      layout_basic, gammafunk_temple_overflow_claw, uniq_natasha
D:4:      layout_basic, minmay_temple_entry_hall, ebering_ghost_rock_garden,
          sigmund_army, uniq_ijyb
D:5:      layout_cave_pools
D:6:      layout_rooms, lemuel_coloured_pillars_altar,
          nicolae_hepliaklqana_hippocampus, nicolae_overflow_squiral,
          enter_ossuary_2, uniq_blork_the_orc, uniq_jeremiah
D:7:      layout_basic, serial_shops, nicolae_shop_just_a_little_nook,
          uniq_maggie
D:8:      layout_loops_cross, mainiacjoe_overflow_swirl, uniq_erica, uniq_pikel
D:9:      layout_rooms, grunt_dithmenos_smoke, due_lair_maze_entry_diamond,
          uniq_erolcha, uniq_grum, uniq_joseph
D:10:     layout_long_grid, small_chamber_with_monster, hive_lemuel,
          uniq_maurice, uniq_harold, uniq_sonja
D:11:     layout_rooms, minmay_orc_entry_guard_dogs, kiku_gazebo_pond_becter,
          uniq_snorg
D:12:     layout_roguey, serial_library, serial_library_hellmonk_statue_hall,
          serial_library_regret_index_branch_corner,
          serial_library_regret_index_multi,
          serial_library_regret_index_split_case,
          serial_library_hellmonk_angled_corner,
          serial_library_hellmonk_filled_rooms
D:13:     layout_irregular_city, lightli_vaults_fourway_checkpoint,
          portal_ice_cave_entry_ice_simulacra, serial_shops, shop
D:14:     layout_stronghold, serial_ice, serial_ice_b, serial_ice_i,
          serial_ice_g, serial_ice_e, serial_shops, nicolae_shop_statue_plus
D:15:     grunt_enter_depths_giant_problem, layout_long_grid,
          nicolae_trove_entry_isolated, serial_park_tiny_2
Temple:   minmay_temple_bridge_abc
Lair:1:   layout_roguey, nicolae_lair_grove_arrangements,
          nicolae_quartered_pool_impasse, uniq_urug
Lair:2:   layout_gridlike, minmay_shoals_entry_lonely_mermaid,
          nicolae_snake_entry_squirm, infiniplex_staircase_pool,
          lemuel_fruit_fields, lemuel_fruit_fields
Lair:3:   layout_regular_city
Lair:4:   layout_regular_city, nicolae_lair_time_for_slime
Lair:5:   evil_forest, layout_misc_corridors, dpeg_slime_entry_enclosed,
          gauntlet_entry_generic, lemuel_fruit_fields,
          infiniplex_staircase_pool_2, lemuel_fruit_fields
Shoals:1: layout_shoals, serial_shops, nicolae_shop_waterfront,
          nicolae_shoals_spectral_cove, uniq_nikola, uniq_roxanne
Shoals:2: argonaut_golden_fleece, layout_shoals, serial_shops,
          nicolae_shop_window_shopping, nicolae_shoals_nautilus_by_nature,
          nicolae_shoals_square_sea_wall, nicolae_stop_n_shop_2,
          nicolae_shoals_the_drawing_of_the_three, uniq_louise
Shoals:3: layout_shoals, serial_shops, nicolae_shop_bloodbath_and_beyond,
          gammafunk_ghost_wrathful_warriors, lemuel_altar_in_water,
          nicolae_shoals_undead_eyrie
Shoals:4: shoals_end_simple, layout_shoals, nicolae_shoals_abyss_on_the_beach,
          uniq_bai_suzhen
Snake:1:  layout_honeycomb, basic_altar, uniq_azrael
Snake:2:  layout_chambers
Snake:3:  layout_cave_shapes, eino_curves_04, minmay_shop_star, uniq_aizul
Snake:4:  snake_pit, layout_concentric_octagons, uniq_vashnia, uniq_mara
Slime:1:  layout_caves
Slime:2:  layout_caves, cheibrodos_slime_lost_civilization_7
Slime:3:  layout_caves, cheibrodos_slime_lost_civilization_4
Slime:4:  layout_caves, uniq_dissolution
Slime:5:  slime_pit_nicolae_inversion
Orc:1:    layout_caves, abandoned_shop, elves_outpost_lemuel
Orc:2:    st_orc_pillars, layout_caves, serial_shops, shop,
          biasface_ghost_orc_armoury, statue_in_the_mist_lemuel, mines2_david
Elf:1:    minmay_elf_arrival_summoners, layout_geoelf_octagon, serial_shops,
          shop, guppyfry_elf_altar, minmay_shop_grove, uniq_asterion,
          uniq_norris
Elf:2:    nicolae_elf_blades_crystal_corner, layout_onion_city, serial_shops,
          shop, ebering_ghost_inner_flame, item_on_display_b
Elf:3:    elf_hall, layout_geoelf_octagon, serial_shops, bzr_entry_water,
          nicolae_shop_just_a_little_nook, shop, shop
Vaults:1: nicolae_vaults_oval_intersection, nicolae_vaults_shrinking_rooms_1,
          lemuel_angel_altar, vaults_dpeg_cross, ontoclasm_vaults_hangar,
          nicolae_vaults_closet_pinwheel_2, nicolae_vaults_diamond_2,
          nicolae_vaults_closet_pinwheel_4, nicolae_vaults_surprise_closet_hard,
          nicolae_vaults_frosty_reception, nicolae_vaults_big_ls,
          nicolae_vaults_closet_pinwheel_1, nicolae_vaults_octothorpe,
          vaults_dpeg_ring, layout_vaults_ring, serial_shops, shop
Vaults:2: portal_desolation_entry_nicolae_nacl, hangedman_vaults_slither,
          blue_anna_dwarven_crypt, v_pattern_3,
          nicolae_vaults_trapezoid_layered, vaults_standard_mumra_lines,
          nicolae_vaults_little_squares_3, hangedman_vaults_capsules,
          nicolae_vaults_heart-shaped_vault, dpeg_vaults_monster_box,
          layout_vaults_chaotic_city, uniq_zenata, uniq_xtahua
Vaults:3: hangedman_vaults_trim, nicolae_vaults_alarming, v_misc_10,
          ontoclasm_vaults_hangar, nicolae_vaults_closet_pinwheel_2, v_misc_9,
          vaults_room_pools, nicolae_vaults_little_guard_posts,
          vaults_room_fours, layout_vaults_omnigrid, uniq_donald, uniq_sojobo
Vaults:4: hangedman_vaults_slice, nicolae_vaults_two_Ls,
          nicolae_vaults_network_periphery,
          vaults_standard_mumra_enter_the_diamond, v_misc_28,
          ontoclasm_vaults_ring_large, v_misc_32, hangedman_vaults_stitches,
          st_cells, vaults_room_door_ring, ontoclasm_vaults_misaligned,
          nicolae_vaults_specimen_jars, layout_vaults_big_cross
Vaults:5
Crypt:1:  layout_regular_city, nicolae_crypt_crosshalls, uniq_margery
Crypt:2:  layout_gridlike, ebering_ghost_reflecting_pool,
          nicolae_crypt_sons_of_ramesses, uniq_khufu
Crypt:3:  david_glass_crypt, layout_gridlike,
          nicolae_tomb_entry_unfolded_pyramid_orthogonal, item_on_display_a
Tomb:1
Tomb:2
Tomb:3
Depths:1: minmay_the_grid_triangle_9x9_recursive_2_mashed
          [minmay_the_grid_triangle_9x9_prize_center,
          minmay_the_grid_triangle_9x9_empty,
          minmay_the_grid_triangle_9x9_pentomino_pain,
          minmay_the_grid_triangle_9x9_thin_v], layout_cave_pools,
          rand_demon_pan_entry_7, grunt_mini_vestibule,
          nemelex_diamond_rough_becter, kennysheep_generic_room_8
Depths:2: angbandy_vault, layout_long_grid, enter_ziggurat_a,
          grunt_pan_entry_zigzag, minmay_misc_feat_enclosed,
          abyss_entry_flame_altar, hell_entry, kennysheep_generic_room_2,
          minmay_staircase_statues_hall_large
Depths:3: evilmike_horseshoe, layout_basic, abyss_entry_crystal,
          minmay_door_square, hell_entry, minivault_21
Depths:4: evilmike_zot_entry_diamond, layout_cave_shapes, serial_shops,
          nicolae_shop_statue_plus, hangedman_abyss_or_decor_slice, hellmouth_1,
          kennysheep_underground_church, serial_bayou_shore_b
Hell
Dis:1:    nicolae_dis_hell_towers
Dis:2:    layout_gridville
Dis:3:    layout_gridville
Dis:4:    layout_jigsaw
Dis:6:    layout_jigsaw
Dis:7:    dis_st
Geh:1:    layout_gehenna_pools_box
Geh:2:    layout_gehenna_pools_box, nicolae_geh_single_fiery_grave
Geh:3:    layout_gehenna_pools_triple, nicolae_hells_hurtin_island
Geh:5:    layout_gehenna_pools_basic, nicolae_geh_lava_lounge
Geh:6:    layout_gehenna_pools_triple
Geh:7:    geh_hangedman
Coc:1:    nicolae_coc_caina, layout_ice_bergs
Coc:2:    layout_cocytus_water_paths
Coc:3:    layout_ice_bergs
Coc:4:    layout_ice_bergs
Coc:5:    nicolae_coc_three_mouths, layout_cocytus_water_paths
Coc:6:    layout_ice_bergs
Coc:7:    coc_grunt_cove [coc_grunt_cove_antaeus, coc_grunt_cove_fiend,
          coc_grunt_cove_fiend, coc_grunt_cove_fiend, coc_grunt_cove_fiend]
Tar:1:    layout_cathedral_of_symmetry, nicolae_tar_cuneiform_not
Tar:2:    layout_cathedral_of_symmetry
Tar:3:    minmay_shadows, layout_cathedral_of_symmetry
Tar:4:    layout_grid_maze
Tar:5:    layout_honeycomb
Tar:6:    nicolae_tar_honey_stairs, layout_cathedral_of_symmetry
Tar:7:    tar_minmay_river
Zot:1:    layout_cathedral_of_symmetry
Zot:2:    layout_concentric_octagons, hangedman_zot_decor_unnerving_road
Zot:3:    cheibrodos_zot_enchanting_chambers, layout_misc_corridors, uniq_grunn
Zot:4:    layout_gridlike, nicolae_zig_zag_zippers
Zot:5:    layout_basic

Skill      XL: |  1  2  3  4  5  6  7  8  9 10 11 12 13 14 15 16 17 18 19 20 21 22 23 24 25 26 27 |
---------------+----------------------------------------------------------------------------------+-----
Fighting       | 1 4 5 10 12 15 16 18 20 27 | 27.0
Earth Magic    | 4 8 9 10 12 15 16 18 19 20 21 23 24 25 26 27 | 27.0
Spellcasting   | 6 7 8 10 11 12 13 15 16 17 18 19 20 27 | 27.0
Stealth        | 5 6 8 10 15 | 15.0
Conjurations   | 6 7 8 9 10 12 13 15 16 18 19 20 27 | 27.0
Evocations     | 3 5 6 9 10 19 | 19.3
Invocations    | 5 8 13 14 15 | 15.0
Translocations | 5 12 | 12.0
Ice Magic      | 5 |  5.0
Shields        | 7 13 14 15 20 | 20.0
Fire Magic     | 27 | 27.0
Armour         | 27 | 27.0
Throwing       | 6 |  6.0
Dodging        | |  1.5

Action                     |  1- 3 |  4- 6 |  7- 9 | 10-12 | 13-15 | 16-18 | 19-21 | 22-24 | 25-27 || total
---------------------------+-------+-------+-------+-------+-------+-------+-------+-------+-------++-------
  Melee: Dagger            |     9 |     1 |     3 |       |    17 |       |       |       |       ||    30
         Staff             |       |       |       |     2 |     7 |    19 |     4 |       |    67 ||    99
  Throw: Dart              |       |       |       |       |       |     1 |       |       |     1 ||     2
   Cast: Sandblast         |    54 |    32 |    36 |    40 |    39 |       |       |       |       ||   201
         Stone Arrow       |       |    10 |   129 |   237 |   349 |   199 |   151 |    41 |    51 ||  1167
         Brom's Barrelling |       |     5 |    17 |    46 |     3 |       |     3 |       |       ||    74
         Passwall          |       |       |     1 |       |       |       |     1 |       |     8 ||    10
         Lee's Rapid Decon |       |       |       |    19 |   173 |   120 |   147 |   140 |   662 ||  1261
         Petrify           |       |       |       |     1 |     9 |     6 |       |       |       ||    16
         Bombard           |       |       |       |       |    65 |   226 |    19 |     6 |    76 ||   392
         Blink             |       |       |       |       |     1 |     7 |     2 |     1 |     9 ||    20
         Flame Wave        |       |       |       |       |    21 |    65 |       |       |       ||    86
         Leda's Liquefacti |       |       |       |       |       |     1 |       |       |       ||     1
         Lehudib's Crystal |       |       |       |       |       |    37 |   118 |   142 |   617 ||   914
         Permafrost Erupti |       |       |       |       |       |    10 |   163 |    85 |   604 ||   862
         Shatter           |       |       |       |       |       |       |     4 |    61 |   386 ||   451
         Fireball          |       |       |       |       |       |       |       |       |   190 ||   190
         Fire Storm        |       |       |       |       |       |       |       |       |   155 ||   155
         Irradiate         |       |       |       |       |       |       |       |       |    31 ||    31
         Borgnjor's Vile C |       |       |       |       |       |       |       |       |     8 ||     8
         Gell's Gavotte    |       |       |       |       |       |       |       |       |     4 ||     4
         Apportation       |       |       |       |       |       |       |       |       |     1 ||     1
 Invoke: Channel Magic     |       |       |       |       |       |       |       |       |    17 ||    17
  Evoke: Wand              |       |       |     2 |     7 |     3 |    13 |     4 |       |    15 ||    44
         Condenser vane    |       |       |       |       |     1 |     2 |     1 |     1 |       ||     5
         Lightning rod     |       |       |       |       |     3 |     6 |     5 |       |       ||    14
         Phantom mirror    |       |       |       |       |       |     3 |     1 |     1 |     1 ||     6
         Phial of floods   |       |       |       |       |       |       |       |       |     1 ||     1
    Use: Scroll            |       |     5 |     7 |     2 |    14 |     9 |     2 |     4 |    32 ||    75
         Potion            |       |     1 |       |       |     1 |     1 |       |       |    20 ||    23
   Stab: Sleeping          |     1 |       |       |       |       |       |       |       |       ||     1
         Petrified         |       |       |       |       |    17 |       |       |       |       ||    17
 Armour: Robe              |     2 |       |       |    80 |   133 |   439 |   200 |    49 |    77 ||   980
         Leather armour    |    11 |     6 |    39 |       |       |       |       |    56 |   173 ||   285
         Steam dragon scal |       |       |       |    73 |       |       |       |       |       ||    73
         Acid dragon scale |       |       |       |       |   117 |       |       |       |       ||   117
         Shadow dragon sca |       |       |       |       |       |       |       |       |   275 ||   275
         Skin              |       |       |       |       |       |       |       |       |     2 ||     2
  Dodge: Dodged            |    12 |     7 |    16 |    68 |   219 |   346 |    94 |    23 |   128 ||   913
  Block: Buckler           |       |       |       |       |       |    70 |    27 |       |       ||    97
         Kite shield       |       |       |       |       |       |       |       |    51 |   529 ||   580

Table legend: (Time is in decaauts)
 A = Elapsed time spent in this place.
 B = Non-inter-level travel time spent in this place.
 C = Inter-level travel time spent in this place.
 D = Time resting spent in this place.
 E = Time spent auto-exploring this place.
 F = Levels seen in this place.
 G = Mean time per level.
                   A        B        C        D        E       F      G
               +--------+--------+--------+--------+--------+-----+--------+
         Total | 122826 | 110894 |  11932 |  40918 |  39741 | 113 | 1087.0 |
       Dungeon |  20738 |  16196 |   4542 |   4979 |   7332 |  15 | 1382.5 |
        Temple |     41 |     24 |     17 |      0 |      0 |   1 |   41.0 |
          Lair |   6953 |   5766 |   1187 |   1753 |   2927 |   5 | 1390.6 |
        Shoals |   7503 |   7121 |    382 |   3690 |    870 |   4 | 1875.8 |
     Snake Pit |   9590 |   8944 |    646 |   5216 |   2199 |   4 | 2397.5 |
    Slime Pits |   1959 |   1679 |    280 |    691 |    501 |   5 |  391.8 |
  Orcish Mines |   4281 |   3787 |    494 |   2143 |    753 |   2 | 2140.5 |
   Elven Halls |   6274 |   5846 |    428 |   2775 |   1698 |   3 | 2091.3 |
        Vaults |   9332 |   8438 |    894 |   2298 |   4820 |   5 | 1866.4 |
         Crypt |   3348 |   2828 |    520 |    567 |   1556 |   3 | 1116.0 |
          Tomb |   2553 |   2370 |    183 |    521 |   1132 |   3 |  851.0 |
        Depths |   6256 |   5033 |   1223 |   1574 |   2211 |   4 | 1564.0 |
          Hell |    824 |    681 |    143 |    120 |    330 |   1 |  824.0 |
           Dis |   3625 |   3560 |     65 |   1498 |   1061 |   6 |  604.2 |
       Gehenna |   3003 |   3003 |      0 |   1208 |    619 |   6 |  500.5 |
       Cocytus |   3458 |   3300 |    158 |   1262 |    749 |   7 |  494.0 |
      Tartarus |   3903 |   3667 |    236 |   1441 |   1255 |   7 |  557.6 |
           Zot |   5800 |   5272 |    528 |   1346 |   2848 |   5 | 1160.0 |
         Abyss |   1276 |   1276 |      0 |    487 |      0 |   6 |  212.7 |
   Pandemonium |  17170 |  17170 |      0 |   5124 |   6349 |  15 | 1144.7 |
        Bazaar |    206 |    206 |      0 |      0 |     97 |   1 |  206.0 |
         Trove |     62 |     62 |      0 |      0 |      0 |   1 |   62.0 |
       Ossuary |    638 |    638 |      0 |    333 |    161 |   1 |  638.0 |
      Ice Cave |   1858 |   1858 |      0 |   1144 |     20 |   1 | 1858.0 |
    Desolation |   1303 |   1303 |      0 |    471 |    253 |   1 | 1303.0 |
      Gauntlet |    861 |    861 |      0 |    275 |      0 |   1 |  861.0 |
               +--------+--------+--------+--------+--------+-----+--------+

Top non-repeatable levels by time:
   Orc:2: 3084 daAuts
Vaults:2: 2982 daAuts
 Snake:3: 2952 daAuts
    D:13: 2689 daAuts
 Snake:2: 2684 daAuts
   Dis:7: 2620 daAuts
   Elf:2: 2517 daAuts
   Elf:1: 2389 daAuts
 Snake:4: 2246 daAuts
Shoals:4: 2242 daAuts
    D:10: 2042 daAuts
Shoals:1: 1979 daAuts
Vaults:1: 1972 daAuts
   IceCv: 1858 daAuts
   Tar:7: 1838 daAuts
